Workbook

Sheet Dashboard
A1: Retail / e-commerce financial model (growing)
A2: Change the scenario in B4 (1 = Low, 2 = Base, 3 = High); every sheet recalculates.
A4: Scenario selector | B4: 2 | C4: =CHOOSE(B4,"Low","Base","High") -> Base
A6: Key metrics
B7: Year 1 | C7: Year 2 | D7: Year 3
A8: Revenue | B8: ='P&L'!B5 -> 5514942.9 | C8: ='P&L'!C5 -> 7179087.9 | D8: ='P&L'!D5 -> 9149574.9
A9: Gross profit | B9: ='P&L'!B7 -> 3198666.9 | C9: ='P&L'!C7 -> 4163871 | D9: ='P&L'!D7 -> 5306753.4
A10: EBITDA | B10: ='P&L'!B18 -> 317495.71 | C10: ='P&L'!C18 -> 581743.74 | D10: ='P&L'!D18 -> 877367.82
A11: EBITDA margin | B11: ='P&L'!B19 -> 0.057570082 | C11: ='P&L'!C19 -> 0.0810331 | D11: ='P&L'!D19 -> 0.095891649
A12: Net income | B12: ='P&L'!B25 -> 182376.89 | C12: ='P&L'!C25 -> 380502.32 | D12: ='P&L'!D25 -> 603436.77
A13: Year-end cash | B13: ='Balance Sheet'!B5 -> 1412273.2 | C13: ='Balance Sheet'!C5 -> 1497071.8 | D13: ='Balance Sheet'!D5 -> 1805009.3
A14: Year-end loan balance | B14: ='Balance Sheet'!B11 -> 408333.33 | C14: ='Balance Sheet'!C11 -> 308333.33 | D14: ='Balance Sheet'!D11 -> 208333.33
A15: Total FTE (year end) | B15: =INDEX(Headcount!$C$12:$AL$12,12) -> 21 | C15: =INDEX(Headcount!$C$12:$AL$12,24) -> 25.85 | D15: =INDEX(Headcount!$C$12:$AL$12,36) -> 31.8875
A17: Health
A18: First month with positive EBITDA | B18: =IFERROR(MATCH(1,Monthly!$C$79:$AL$79,0),"Not within horizon") -> 1
A19: Lowest cash balance | B19: =MIN(Monthly!$C$78:$AL$78) -> 1260305.1
A20: Month of lowest cash | B20: =MATCH(B19,Monthly!$C$78:$AL$78,0) -> 13
A21: Model checks | B21: =Checks!B16 -> PASS
A24: Retail metrics
A25: Year # | B25: 1 | C25: 2 | D25: 3
B26: Year 1 | C26: Year 2 | D26: Year 3
A27: Website visits (non-paid) | B27: =SUMIF(Monthly!$C$5:$AL$5,B$25,Monthly!$C$9:$AL$9) -> 960000 | C27: =SUMIF(Monthly!$C$5:$AL$5,C$25,Monthly!$C$9:$AL$9) -> 1200000 | D27: =SUMIF(Monthly!$C$5:$AL$5,D$25,Monthly!$C$9:$AL$9) -> 1500000
A28: Online orders | B28: =SUMIF(Monthly!$C$5:$AL$5,B$25,Monthly!$C$14:$AL$14) -> 66702.857 | C28: =SUMIF(Monthly!$C$5:$AL$5,C$25,Monthly!$C$14:$AL$14) -> 81771.429 | D28: =SUMIF(Monthly!$C$5:$AL$5,D$25,Monthly!$C$14:$AL$14) -> 100285.71
A29: Repeat orders | B29: =SUMIF(Monthly!$C$5:$AL$5,B$25,Monthly!$C$13:$AL$13) -> 22234.286 | C29: =SUMIF(Monthly!$C$5:$AL$5,C$25,Monthly!$C$13:$AL$13) -> 27257.143 | D29: =SUMIF(Monthly!$C$5:$AL$5,D$25,Monthly!$C$13:$AL$13) -> 33428.571
A30: Repeat orders, % of online orders | B30: =IF(B28=0,0,B29/B28) -> 0.33333333 | C30: =IF(C28=0,0,C29/C28) -> 0.33333333 | D30: =IF(D28=0,0,D29/D28) -> 0.33333333
A31: Online gross sales | B31: =SUMIF(Monthly!$C$5:$AL$5,B$25,Monthly!$C$16:$AL$16) -> 5002714.3 | C31: =SUMIF(Monthly!$C$5:$AL$5,C$25,Monthly!$C$16:$AL$16) -> 6255514.3 | D31: =SUMIF(Monthly!$C$5:$AL$5,D$25,Monthly!$C$16:$AL$16) -> 7825294.3
A32: Average order value | B32: =IF(B28=0,0,B31/B28) -> 75 | C32: =IF(C28=0,0,C31/C28) -> 76.5 | D32: =IF(D28=0,0,D31/D28) -> 78.03
A33: Paid ads spend | B33: =-SUMIF(Monthly!$C$5:$AL$5,B$25,Monthly!$C$32:$AL$32) -> 600000 | C33: =-SUMIF(Monthly!$C$5:$AL$5,C$25,Monthly!$C$32:$AL$32) -> 720000 | D33: =-SUMIF(Monthly!$C$5:$AL$5,D$25,Monthly!$C$32:$AL$32) -> 864000
A34: Paid ads, % of online gross sales | B34: =IF(B31=0,0,B33/B31) -> 0.11993489 | C34: =IF(C31=0,0,C33/C31) -> 0.11509845 | D34: =IF(D31=0,0,D33/D31) -> 0.11041118
A35: Stores open (year end) | B35: =INDEX(Monthly!$C$19:$AL$19,B$25*12) -> 2 | C35: =INDEX(Monthly!$C$19:$AL$19,C$25*12) -> 3 | D35: =INDEX(Monthly!$C$19:$AL$19,D$25*12) -> 4
A36: Store gross sales | B36: =SUMIF(Monthly!$C$5:$AL$5,B$25,Monthly!$C$20:$AL$20) -> 1125000 | C36: =SUMIF(Monthly!$C$5:$AL$5,C$25,Monthly!$C$20:$AL$20) -> 1721250 | D36: =SUMIF(Monthly!$C$5:$AL$5,D$25,Monthly!$C$20:$AL$20) -> 2340900
A37: Net sales | B37: =SUMIF(Monthly!$C$5:$AL$5,B$25,Monthly!$C$25:$AL$25) -> 5514942.9 | C37: =SUMIF(Monthly!$C$5:$AL$5,C$25,Monthly!$C$25:$AL$25) -> 7179087.9 | D37: =SUMIF(Monthly!$C$5:$AL$5,D$25,Monthly!$C$25:$AL$25) -> 9149574.9
A38: Gross profit (after product cost) | B38: =SUMIF(Monthly!$C$5:$AL$5,B$25,Monthly!$C$27:$AL$27) -> 3198666.9 | C38: =SUMIF(Monthly!$C$5:$AL$5,C$25,Monthly!$C$27:$AL$27) -> 4163871 | D38: =SUMIF(Monthly!$C$5:$AL$5,D$25,Monthly!$C$27:$AL$27) -> 5306753.4
A39: Gross margin | B39: =IF(B37=0,0,B38/B37) -> 0.58 | C39: =IF(C37=0,0,C38/C37) -> 0.58 | D39: =IF(D37=0,0,D38/D37) -> 0.58
A40: Product cost | B40: =-SUMIF(Monthly!$C$5:$AL$5,B$25,Monthly!$C$26:$AL$26) -> 2316276 | C40: =-SUMIF(Monthly!$C$5:$AL$5,C$25,Monthly!$C$26:$AL$26) -> 3015216.9 | D40: =-SUMIF(Monthly!$C$5:$AL$5,D$25,Monthly!$C$26:$AL$26) -> 3842821.4
A41: Inventory (year end) | B41: =INDEX(Monthly!$C$65:$AL$65,B$25*12) -> 570371.62 | C41: =INDEX(Monthly!$C$65:$AL$65,C$25*12) -> 746910.62 | D41: =INDEX(Monthly!$C$65:$AL$65,D$25*12) -> 955438.33
A42: Inventory turns (product cost ÷ year-end inventory) | B42: =IF(B41=0,0,B40/B41) -> 4.0609944 | C42: =IF(C41=0,0,C40/C41) -> 4.036918 | D42: =IF(D41=0,0,D40/D41) -> 4.0220507

Sheet Inputs
A1: Inputs — Low / Base / High
A2: Illustrative assumptions — replace them with your own numbers.
A5: Driver | B5: Low | C5: Base | D5: High | E5: Active | F5: Unit | G5: Note
A6: Online channel
A7: Website visits per month (year 1, non-paid) | B7: 65000 | C7: 80000 | D7: 100000 | E7: =CHOOSE(Dashboard!$B$4,B7,C7,D7) -> 80000 | F7: # / month | G7: Low ≤ Base ≤ High
A8: Visit growth per year | B8: 0.1 | C8: 0.25 | D8: 0.4 | E8: =CHOOSE(Dashboard!$B$4,B8,C8,D8) -> 0.25 | F8: % | G8: Low ≤ Base ≤ High
A9: Conversion rate (orders ÷ visits) | B9: 0.02 | C9: 0.024 | D9: 0.028 | E9: =CHOOSE(Dashboard!$B$4,B9,C9,D9) -> 0.024 | F9: % | G9: Low ≤ Base ≤ High
A10: Average order value (before returns) | B10: 65 | C10: 75 | D10: 85 | E10: =CHOOSE(Dashboard!$B$4,B10,C10,D10) -> 75 | F10: $ | G10: Low ≤ Base ≤ High
A11: Average order value growth per year | B11: 0 | C11: 0.02 | D11: 0.04 | E11: =CHOOSE(Dashboard!$B$4,B11,C11,D11) -> 0.02 | F11: % | G11: Low ≤ Base ≤ High
A12: Repeat orders per new-customer order (returning customers) | B12: 0.4 | C12: 0.5 | D12: 0.6 | E12: =CHOOSE(Dashboard!$B$4,B12,C12,D12) -> 0.5 | F12: x | G12: Low ≤ Base ≤ High
A13: Paid ads budget per month (year 1) | B13: 50000 | C13: 50000 | D13: 50000 | E13: =CHOOSE(Dashboard!$B$4,B13,C13,D13) -> 50000 | F13: $ / month
A14: Paid ads budget growth per year | B14: 0.2 | C14: 0.2 | D14: 0.2 | E14: =CHOOSE(Dashboard!$B$4,B14,C14,D14) -> 0.2 | F14: %
A15: Paid cost per order (CAC) | B15: 36 | C15: 28 | D15: 22 | E15: =CHOOSE(Dashboard!$B$4,B15,C15,D15) -> 28 | F15: $ | G15: Low ≥ Base ≥ High (lower is better)
A17: Store channel
A18: Stores open at start | B18: 2 | C18: 2 | D18: 2 | E18: =CHOOSE(Dashboard!$B$4,B18,C18,D18) -> 2 | F18: # | G18: Low ≤ Base ≤ High
A19: New stores opened each year from year 2 | B19: 1 | C19: 1 | D19: 1 | E19: =CHOOSE(Dashboard!$B$4,B19,C19,D19) -> 1 | F19: # / year | G19: Low ≤ Base ≤ High
A20: Selling area per store | B20: 1500 | C20: 1500 | D20: 1500 | E20: =CHOOSE(Dashboard!$B$4,B20,C20,D20) -> 1500 | F20: sq ft
A21: Sales per sq ft per year (year 1) | B21: 300 | C21: 375 | D21: 450 | E21: =CHOOSE(Dashboard!$B$4,B21,C21,D21) -> 375 | F21: $ / sq ft | G21: Low ≤ Base ≤ High
A22: Like-for-like store sales growth per year | B22: 0 | C22: 0.02 | D22: 0.04 | E22: =CHOOSE(Dashboard!$B$4,B22,C22,D22) -> 0.02 | F22: % | G22: Low ≤ Base ≤ High
A23: Store rent per sq ft per year | B23: 40 | C23: 40 | D23: 40 | E23: =CHOOSE(Dashboard!$B$4,B23,C23,D23) -> 40 | F23: $ / sq ft
A24: Other running cost per store per month | B24: 2500 | C24: 2500 | D24: 2500 | E24: =CHOOSE(Dashboard!$B$4,B24,C24,D24) -> 2500 | F24: $
A25: Fit-out capex per new store | B25: 150000 | C25: 150000 | D25: 150000 | E25: =CHOOSE(Dashboard!$B$4,B25,C25,D25) -> 150000 | F25: $
A27: Costs
A28: Seasonality: Nov–Dec sales uplift (annual total unchanged) | B28: 0.3 | C28: 0.3 | D28: 0.3 | E28: =CHOOSE(Dashboard!$B$4,B28,C28,D28) -> 0.3 | F28: %
A29: Returns & refunds, % of gross sales | B29: 0.12 | C29: 0.1 | D29: 0.08 | E29: =CHOOSE(Dashboard!$B$4,B29,C29,D29) -> 0.1 | F29: % | G29: Low ≥ Base ≥ High (lower is better)
A30: Product cost, % of net sales | B30: 0.45 | C30: 0.42 | D30: 0.39 | E30: =CHOOSE(Dashboard!$B$4,B30,C30,D30) -> 0.42 | F30: % | G30: Low ≥ Base ≥ High (lower is better)
A31: Fulfilment & shipping per online order | B31: 9 | C31: 8 | D31: 7 | E31: =CHOOSE(Dashboard!$B$4,B31,C31,D31) -> 8 | F31: $ | G31: Low ≥ Base ≥ High (lower is better)
A32: Payment processing, % of net sales | B32: 0.03 | C32: 0.03 | D32: 0.03 | E32: =CHOOSE(Dashboard!$B$4,B32,C32,D32) -> 0.03 | F32: %
A33: E-commerce platform & software per month | B33: 4000 | C33: 4000 | D33: 4000 | E33: =CHOOSE(Dashboard!$B$4,B33,C33,D33) -> 4000 | F33: $
A34: Other G&A per month | B34: 8000 | C34: 8000 | D34: 8000 | E34: =CHOOSE(Dashboard!$B$4,B34,C34,D34) -> 8000 | F34: $
A35: Start-up capex (equipment, systems) | B35: 50000 | C35: 50000 | D35: 50000 | E35: =CHOOSE(Dashboard!$B$4,B35,C35,D35) -> 50000 | F35: $
A37: Headcount
A38: Operations & fulfilment: headcount (FTE) | B38: 6 | C38: 6 | D38: 6 | E38: =CHOOSE(Dashboard!$B$4,B38,C38,D38) -> 6 | F38: FTE | G38: Low ≤ Base ≤ High
A39: Operations & fulfilment: salary per FTE per year | B39: 50000 | C39: 50000 | D39: 50000 | E39: =CHOOSE(Dashboard!$B$4,B39,C39,D39) -> 50000 | F39: $
A40: Operations & fulfilment: headcount growth per year | B40: 0.2 | C40: 0.2 | D40: 0.2 | E40: =CHOOSE(Dashboard!$B$4,B40,C40,D40) -> 0.2 | F40: % | G40: Low ≤ Base ≤ High
A41: Operations & fulfilment: first month on payroll | B41: 1 | C41: 1 | D41: 1 | E41: =CHOOSE(Dashboard!$B$4,B41,C41,D41) -> 1 | F41: month #
A42: Marketing & e-commerce: headcount (FTE) | B42: 4 | C42: 4 | D42: 4 | E42: =CHOOSE(Dashboard!$B$4,B42,C42,D42) -> 4 | F42: FTE | G42: Low ≤ Base ≤ High
A43: Marketing & e-commerce: salary per FTE per year | B43: 70000 | C43: 70000 | D43: 70000 | E43: =CHOOSE(Dashboard!$B$4,B43,C43,D43) -> 70000 | F43: $
A44: Marketing & e-commerce: headcount growth per year | B44: 0.2 | C44: 0.2 | D44: 0.2 | E44: =CHOOSE(Dashboard!$B$4,B44,C44,D44) -> 0.2 | F44: % | G44: Low ≤ Base ≤ High
A45: Marketing & e-commerce: first month on payroll | B45: 1 | C45: 1 | D45: 1 | E45: =CHOOSE(Dashboard!$B$4,B45,C45,D45) -> 1 | F45: month #
A46: Store staff: headcount (FTE) | B46: 8 | C46: 8 | D46: 8 | E46: =CHOOSE(Dashboard!$B$4,B46,C46,D46) -> 8 | F46: FTE | G46: Low ≤ Base ≤ High
A47: Store staff: salary per FTE per year | B47: 38000 | C47: 38000 | D47: 38000 | E47: =CHOOSE(Dashboard!$B$4,B47,C47,D47) -> 38000 | F47: $
A48: Store staff: headcount growth per year | B48: 0.3 | C48: 0.3 | D48: 0.3 | E48: =CHOOSE(Dashboard!$B$4,B48,C48,D48) -> 0.3 | F48: % | G48: Low ≤ Base ≤ High
A49: Store staff: first month on payroll | B49: 1 | C49: 1 | D49: 1 | E49: =CHOOSE(Dashboard!$B$4,B49,C49,D49) -> 1 | F49: month #
A50: G&A (finance, admin): headcount (FTE) | B50: 3 | C50: 3 | D50: 3 | E50: =CHOOSE(Dashboard!$B$4,B50,C50,D50) -> 3 | F50: FTE | G50: Low ≤ Base ≤ High
A51: G&A (finance, admin): salary per FTE per year | B51: 70000 | C51: 70000 | D51: 70000 | E51: =CHOOSE(Dashboard!$B$4,B51,C51,D51) -> 70000 | F51: $
A52: G&A (finance, admin): headcount growth per year | B52: 0.15 | C52: 0.15 | D52: 0.15 | E52: =CHOOSE(Dashboard!$B$4,B52,C52,D52) -> 0.15 | F52: % | G52: Low ≤ Base ≤ High
A53: G&A (finance, admin): first month on payroll | B53: 1 | C53: 1 | D53: 1 | E53: =CHOOSE(Dashboard!$B$4,B53,C53,D53) -> 1 | F53: month #
A54: Payroll taxes & benefits, % of salary | B54: 0.15 | C54: 0.15 | D54: 0.15 | E54: =CHOOSE(Dashboard!$B$4,B54,C54,D54) -> 0.15 | F54: %
A55: Wage growth per year | B55: 0.03 | C55: 0.03 | D55: 0.03 | E55: =CHOOSE(Dashboard!$B$4,B55,C55,D55) -> 0.03 | F55: %
A57: Funding
A58: Equity raised at start | B58: 1500000 | C58: 1500000 | D58: 1500000 | E58: =CHOOSE(Dashboard!$B$4,B58,C58,D58) -> 1500000 | F58: $
A59: Loan drawn at start | B59: 500000 | C59: 500000 | D59: 500000 | E59: =CHOOSE(Dashboard!$B$4,B59,C59,D59) -> 500000 | F59: $
A60: Loan interest rate per year | B60: 0.08 | C60: 0.08 | D60: 0.08 | E60: =CHOOSE(Dashboard!$B$4,B60,C60,D60) -> 0.08 | F60: %
A61: Loan repayment term | B61: 5 | C61: 5 | D61: 5 | E61: =CHOOSE(Dashboard!$B$4,B61,C61,D61) -> 5 | F61: years
A63: Working capital
A64: Customer payment terms (receivable days) | B64: 2 | C64: 2 | D64: 2 | E64: =CHOOSE(Dashboard!$B$4,B64,C64,D64) -> 2 | F64: days
A65: Inventory held (days of COGS) | B65: 75 | C65: 75 | D65: 75 | E65: =CHOOSE(Dashboard!$B$4,B65,C65,D65) -> 75 | F65: days
A66: Supplier payment terms (payable days) | B66: 30 | C66: 30 | D66: 30 | E66: =CHOOSE(Dashboard!$B$4,B66,C66,D66) -> 30 | F66: days
A68: Tax & depreciation
A69: Depreciation period for capex | B69: 7 | C69: 7 | D69: 7 | E69: =CHOOSE(Dashboard!$B$4,B69,C69,D69) -> 7 | F69: years
A70: Income tax rate | B70: 0.21 | C70: 0.21 | D70: 0.21 | E70: =CHOOSE(Dashboard!$B$4,B70,C70,D70) -> 0.21 | F70: %
A72: Legend: blue = input you can change · black = formula · green = link to another sheet · yellow = scenario selector. Column E follows the selected scenario.

Sheet Monthly
A1: Monthly projection
A2: $ unless stated; costs shown as negatives. Every period uses the same formula.
A3: Month | C3: M1 | D3: M2 | E3: M3 | F3: M4 | G3: M5 | H3: M6 | I3: M7 | J3: M8 | K3: M9 | L3: M10 | M3: M11 | N3: M12 | O3: M13 | P3: M14 | Q3: M15 | R3: M16 | S3: M17 | T3: M18 | U3: M19 | V3: M20 | W3: M21 | X3: M22 | Y3: M23 | Z3: M24 | AA3: M25 | AB3: M26 | AC3: M27 | AD3: M28 | AE3: M29 | AF3: M30 | AG3: M31 | AH3: M32 | AI3: M33 | AJ3: M34 | AK3: M35 | AL3: M36
A4: Period # | C4: 1 | D4: 2 | E4: 3 | F4: 4 | G4: 5 | H4: 6 | I4: 7 | J4: 8 | K4: 9 | L4: 10 | M4: 11 | N4: 12 | O4: 13 | P4: 14 | Q4: 15 | R4: 16 | S4: 17 | T4: 18 | U4: 19 | V4: 20 | W4: 21 | X4: 22 | Y4: 23 | Z4: 24 | AA4: 25 | AB4: 26 | AC4: 27 | AD4: 28 | AE4: 29 | AF4: 30 | AG4: 31 | AH4: 32 | AI4: 33 | AJ4: 34 | AK4: 35 | AL4: 36
A5: Year # | C5: =ROUNDUP(C4*1/12,0) -> 1 | D5: =ROUNDUP(D4*1/12,0) -> 1 | E5: =ROUNDUP(E4*1/12,0) -> 1 | F5: =ROUNDUP(F4*1/12,0) -> 1 | G5: =ROUNDUP(G4*1/12,0) -> 1 | H5: =ROUNDUP(H4*1/12,0) -> 1 | I5: =ROUNDUP(I4*1/12,0) -> 1 | J5: =ROUNDUP(J4*1/12,0) -> 1 | ... AL5: =ROUNDUP(AL4*1/12,0) -> 3
A7: Online channel
A8: Seasonality factor (averages 1.0 over a year) | C8: =IF(MOD(C$4-1,12)>=10,1+Inputs!$E$28,1-Inputs!$E$28/5) -> 0.94 | D8: =IF(MOD(D$4-1,12)>=10,1+Inputs!$E$28,1-Inputs!$E$28/5) -> 0.94 | E8: =IF(MOD(E$4-1,12)>=10,1+Inputs!$E$28,1-Inputs!$E$28/5) -> 0.94 | F8: =IF(MOD(F$4-1,12)>=10,1+Inputs!$E$28,1-Inputs!$E$28/5) -> 0.94 | G8: =IF(MOD(G$4-1,12)>=10,1+Inputs!$E$28,1-Inputs!$E$28/5) -> 0.94 | H8: =IF(MOD(H$4-1,12)>=10,1+Inputs!$E$28,1-Inputs!$E$28/5) -> 0.94 | I8: =IF(MOD(I$4-1,12)>=10,1+Inputs!$E$28,1-Inputs!$E$28/5) -> 0.94 | J8: =IF(MOD(J$4-1,12)>=10,1+Inputs!$E$28,1-Inputs!$E$28/5) -> 0.94 | ... AL8: =IF(MOD(AL$4-1,12)>=10,1+Inputs!$E$28,1-Inputs!$E$28/5) -> 1.3
A9: Website visits | C9: =Inputs!$E$7*(1+Inputs!$E$8)^(C$5-1)*1*C8 -> 75200 | D9: =Inputs!$E$7*(1+Inputs!$E$8)^(D$5-1)*1*D8 -> 75200 | E9: =Inputs!$E$7*(1+Inputs!$E$8)^(E$5-1)*1*E8 -> 75200 | F9: =Inputs!$E$7*(1+Inputs!$E$8)^(F$5-1)*1*F8 -> 75200 | G9: =Inputs!$E$7*(1+Inputs!$E$8)^(G$5-1)*1*G8 -> 75200 | H9: =Inputs!$E$7*(1+Inputs!$E$8)^(H$5-1)*1*H8 -> 75200 | I9: =Inputs!$E$7*(1+Inputs!$E$8)^(I$5-1)*1*I8 -> 75200 | J9: =Inputs!$E$7*(1+Inputs!$E$8)^(J$5-1)*1*J8 -> 75200 | ... AL9: =Inputs!$E$7*(1+Inputs!$E$8)^(AL$5-1)*1*AL8 -> 162500
A10: Orders from visits | C10: =C9*Inputs!$E$9 -> 1804.8 | D10: =D9*Inputs!$E$9 -> 1804.8 | E10: =E9*Inputs!$E$9 -> 1804.8 | F10: =F9*Inputs!$E$9 -> 1804.8 | G10: =G9*Inputs!$E$9 -> 1804.8 | H10: =H9*Inputs!$E$9 -> 1804.8 | I10: =I9*Inputs!$E$9 -> 1804.8 | J10: =J9*Inputs!$E$9 -> 1804.8 | ... AL10: =AL9*Inputs!$E$9 -> 3900
A11: Orders from paid ads | C11: =-C32/MAX(1,Inputs!$E$15) -> 1785.7143 | D11: =-D32/MAX(1,Inputs!$E$15) -> 1785.7143 | E11: =-E32/MAX(1,Inputs!$E$15) -> 1785.7143 | F11: =-F32/MAX(1,Inputs!$E$15) -> 1785.7143 | G11: =-G32/MAX(1,Inputs!$E$15) -> 1785.7143 | H11: =-H32/MAX(1,Inputs!$E$15) -> 1785.7143 | I11: =-I32/MAX(1,Inputs!$E$15) -> 1785.7143 | J11: =-J32/MAX(1,Inputs!$E$15) -> 1785.7143 | ... AL11: =-AL32/MAX(1,Inputs!$E$15) -> 2571.4286
A12: Orders from new customers | C12: =C10+C11 -> 3590.5143 | D12: =D10+D11 -> 3590.5143 | E12: =E10+E11 -> 3590.5143 | F12: =F10+F11 -> 3590.5143 | G12: =G10+G11 -> 3590.5143 | H12: =H10+H11 -> 3590.5143 | I12: =I10+I11 -> 3590.5143 | J12: =J10+J11 -> 3590.5143 | ... AL12: =AL10+AL11 -> 6471.4286
A13: Repeat orders from returning customers | C13: =C12*Inputs!$E$12 -> 1795.2571 | D13: =D12*Inputs!$E$12 -> 1795.2571 | E13: =E12*Inputs!$E$12 -> 1795.2571 | F13: =F12*Inputs!$E$12 -> 1795.2571 | G13: =G12*Inputs!$E$12 -> 1795.2571 | H13: =H12*Inputs!$E$12 -> 1795.2571 | I13: =I12*Inputs!$E$12 -> 1795.2571 | J13: =J12*Inputs!$E$12 -> 1795.2571 | ... AL13: =AL12*Inputs!$E$12 -> 3235.7143
A14: Online orders | C14: =C12+C13 -> 5385.7714 | D14: =D12+D13 -> 5385.7714 | E14: =E12+E13 -> 5385.7714 | F14: =F12+F13 -> 5385.7714 | G14: =G12+G13 -> 5385.7714 | H14: =H12+H13 -> 5385.7714 | I14: =I12+I13 -> 5385.7714 | J14: =J12+J13 -> 5385.7714 | ... AL14: =AL12+AL13 -> 9707.1429
A15: Average order value | C15: =Inputs!$E$10*(1+Inputs!$E$11)^(C$5-1) -> 75 | D15: =Inputs!$E$10*(1+Inputs!$E$11)^(D$5-1) -> 75 | E15: =Inputs!$E$10*(1+Inputs!$E$11)^(E$5-1) -> 75 | F15: =Inputs!$E$10*(1+Inputs!$E$11)^(F$5-1) -> 75 | G15: =Inputs!$E$10*(1+Inputs!$E$11)^(G$5-1) -> 75 | H15: =Inputs!$E$10*(1+Inputs!$E$11)^(H$5-1) -> 75 | I15: =Inputs!$E$10*(1+Inputs!$E$11)^(I$5-1) -> 75 | J15: =Inputs!$E$10*(1+Inputs!$E$11)^(J$5-1) -> 75 | ... AL15: =Inputs!$E$10*(1+Inputs!$E$11)^(AL$5-1) -> 78.03
A16: Online gross sales | C16: =C14*C15 -> 403932.86 | D16: =D14*D15 -> 403932.86 | E16: =E14*E15 -> 403932.86 | F16: =F14*F15 -> 403932.86 | G16: =G14*G15 -> 403932.86 | H16: =H14*H15 -> 403932.86 | I16: =I14*I15 -> 403932.86 | J16: =J14*J15 -> 403932.86 | ... AL16: =AL14*AL15 -> 757448.36
A18: Store channel
A19: Stores open | C19: =Inputs!$E$18+Inputs!$E$19*(C$5-1) -> 2 | D19: =Inputs!$E$18+Inputs!$E$19*(D$5-1) -> 2 | E19: =Inputs!$E$18+Inputs!$E$19*(E$5-1) -> 2 | F19: =Inputs!$E$18+Inputs!$E$19*(F$5-1) -> 2 | G19: =Inputs!$E$18+Inputs!$E$19*(G$5-1) -> 2 | H19: =Inputs!$E$18+Inputs!$E$19*(H$5-1) -> 2 | I19: =Inputs!$E$18+Inputs!$E$19*(I$5-1) -> 2 | J19: =Inputs!$E$18+Inputs!$E$19*(J$5-1) -> 2 | ... AL19: =Inputs!$E$18+Inputs!$E$19*(AL$5-1) -> 4
A20: Store gross sales | C20: =C19*Inputs!$E$20*Inputs!$E$21*(1+Inputs!$E$22)^(C$5-1)/12*1*C8 -> 88125 | D20: =D19*Inputs!$E$20*Inputs!$E$21*(1+Inputs!$E$22)^(D$5-1)/12*1*D8 -> 88125 | E20: =E19*Inputs!$E$20*Inputs!$E$21*(1+Inputs!$E$22)^(E$5-1)/12*1*E8 -> 88125 | F20: =F19*Inputs!$E$20*Inputs!$E$21*(1+Inputs!$E$22)^(F$5-1)/12*1*F8 -> 88125 | G20: =G19*Inputs!$E$20*Inputs!$E$21*(1+Inputs!$E$22)^(G$5-1)/12*1*G8 -> 88125 | H20: =H19*Inputs!$E$20*Inputs!$E$21*(1+Inputs!$E$22)^(H$5-1)/12*1*H8 -> 88125 | I20: =I19*Inputs!$E$20*Inputs!$E$21*(1+Inputs!$E$22)^(I$5-1)/12*1*I8 -> 88125 | J20: =J19*Inputs!$E$20*Inputs!$E$21*(1+Inputs!$E$22)^(J$5-1)/12*1*J8 -> 88125 | ... AL20: =AL19*Inputs!$E$20*Inputs!$E$21*(1+Inputs!$E$22)^(AL$5-1)/12*1*AL8 -> 253597.5
A22: Net sales & product cost
A23: Gross sales | C23: =C16+C20 -> 492057.86 | D23: =D16+D20 -> 492057.86 | E23: =E16+E20 -> 492057.86 | F23: =F16+F20 -> 492057.86 | G23: =G16+G20 -> 492057.86 | H23: =H16+H20 -> 492057.86 | I23: =I16+I20 -> 492057.86 | J23: =J16+J20 -> 492057.86 | ... AL23: =AL16+AL20 -> 1011045.9
A24: Returns & refunds | C24: =-C23*Inputs!$E$29 -> -49205.786 | D24: =-D23*Inputs!$E$29 -> -49205.786 | E24: =-E23*Inputs!$E$29 -> -49205.786 | F24: =-F23*Inputs!$E$29 -> -49205.786 | G24: =-G23*Inputs!$E$29 -> -49205.786 | H24: =-H23*Inputs!$E$29 -> -49205.786 | I24: =-I23*Inputs!$E$29 -> -49205.786 | J24: =-J23*Inputs!$E$29 -> -49205.786 | ... AL24: =-AL23*Inputs!$E$29 -> -101104.59
A25: Net sales | C25: =C23+C24 -> 442852.07 | D25: =D23+D24 -> 442852.07 | E25: =E23+E24 -> 442852.07 | F25: =F23+F24 -> 442852.07 | G25: =G23+G24 -> 442852.07 | H25: =H23+H24 -> 442852.07 | I25: =I23+I24 -> 442852.07 | J25: =J23+J24 -> 442852.07 | ... AL25: =AL23+AL24 -> 909941.27
A26: Product cost | C26: =-C25*Inputs!$E$30 -> -185997.87 | D26: =-D25*Inputs!$E$30 -> -185997.87 | E26: =-E25*Inputs!$E$30 -> -185997.87 | F26: =-F25*Inputs!$E$30 -> -185997.87 | G26: =-G25*Inputs!$E$30 -> -185997.87 | H26: =-H25*Inputs!$E$30 -> -185997.87 | I26: =-I25*Inputs!$E$30 -> -185997.87 | J26: =-J25*Inputs!$E$30 -> -185997.87 | ... AL26: =-AL25*Inputs!$E$30 -> -382175.33
A27: Gross profit | C27: =C25+C26 -> 256854.2 | D27: =D25+D26 -> 256854.2 | E27: =E25+E26 -> 256854.2 | F27: =F25+F26 -> 256854.2 | G27: =G25+G26 -> 256854.2 | H27: =H25+H26 -> 256854.2 | I27: =I25+I26 -> 256854.2 | J27: =J25+J26 -> 256854.2 | ... AL27: =AL25+AL26 -> 527765.94
A29: Operating expenses
A30: Fulfilment & shipping | C30: =-C14*Inputs!$E$31 -> -43086.171 | D30: =-D14*Inputs!$E$31 -> -43086.171 | E30: =-E14*Inputs!$E$31 -> -43086.171 | F30: =-F14*Inputs!$E$31 -> -43086.171 | G30: =-G14*Inputs!$E$31 -> -43086.171 | H30: =-H14*Inputs!$E$31 -> -43086.171 | I30: =-I14*Inputs!$E$31 -> -43086.171 | J30: =-J14*Inputs!$E$31 -> -43086.171 | ... AL30: =-AL14*Inputs!$E$31 -> -77657.143
A31: Payment processing | C31: =-C25*Inputs!$E$32 -> -13285.562 | D31: =-D25*Inputs!$E$32 -> -13285.562 | E31: =-E25*Inputs!$E$32 -> -13285.562 | F31: =-F25*Inputs!$E$32 -> -13285.562 | G31: =-G25*Inputs!$E$32 -> -13285.562 | H31: =-H25*Inputs!$E$32 -> -13285.562 | I31: =-I25*Inputs!$E$32 -> -13285.562 | J31: =-J25*Inputs!$E$32 -> -13285.562 | ... AL31: =-AL25*Inputs!$E$32 -> -27298.238
A32: Paid ads | C32: =-Inputs!$E$13*(1+Inputs!$E$14)^(C$5-1)*1 -> -50000 | D32: =-Inputs!$E$13*(1+Inputs!$E$14)^(D$5-1)*1 -> -50000 | E32: =-Inputs!$E$13*(1+Inputs!$E$14)^(E$5-1)*1 -> -50000 | F32: =-Inputs!$E$13*(1+Inputs!$E$14)^(F$5-1)*1 -> -50000 | G32: =-Inputs!$E$13*(1+Inputs!$E$14)^(G$5-1)*1 -> -50000 | H32: =-Inputs!$E$13*(1+Inputs!$E$14)^(H$5-1)*1 -> -50000 | I32: =-Inputs!$E$13*(1+Inputs!$E$14)^(I$5-1)*1 -> -50000 | J32: =-Inputs!$E$13*(1+Inputs!$E$14)^(J$5-1)*1 -> -50000 | ... AL32: =-Inputs!$E$13*(1+Inputs!$E$14)^(AL$5-1)*1 -> -72000
A33: Payroll | C33: =Headcount!C19 -> -104841.67 | D33: =Headcount!D19 -> -104841.67 | E33: =Headcount!E19 -> -104841.67 | F33: =Headcount!F19 -> -104841.67 | G33: =Headcount!G19 -> -104841.67 | H33: =Headcount!H19 -> -104841.67 | I33: =Headcount!I19 -> -104841.67 | J33: =Headcount!J19 -> -104841.67 | ... AL33: =Headcount!AL19 -> -165384.39
A34: Store rent | C34: =-C19*Inputs!$E$20*Inputs!$E$23/12*1 -> -10000 | D34: =-D19*Inputs!$E$20*Inputs!$E$23/12*1 -> -10000 | E34: =-E19*Inputs!$E$20*Inputs!$E$23/12*1 -> -10000 | F34: =-F19*Inputs!$E$20*Inputs!$E$23/12*1 -> -10000 | G34: =-G19*Inputs!$E$20*Inputs!$E$23/12*1 -> -10000 | H34: =-H19*Inputs!$E$20*Inputs!$E$23/12*1 -> -10000 | I34: =-I19*Inputs!$E$20*Inputs!$E$23/12*1 -> -10000 | J34: =-J19*Inputs!$E$20*Inputs!$E$23/12*1 -> -10000 | ... AL34: =-AL19*Inputs!$E$20*Inputs!$E$23/12*1 -> -20000
A35: Store running costs | C35: =-C19*Inputs!$E$24*1 -> -5000 | D35: =-D19*Inputs!$E$24*1 -> -5000 | E35: =-E19*Inputs!$E$24*1 -> -5000 | F35: =-F19*Inputs!$E$24*1 -> -5000 | G35: =-G19*Inputs!$E$24*1 -> -5000 | H35: =-H19*Inputs!$E$24*1 -> -5000 | I35: =-I19*Inputs!$E$24*1 -> -5000 | J35: =-J19*Inputs!$E$24*1 -> -5000 | ... AL35: =-AL19*Inputs!$E$24*1 -> -10000
A36: Platform & software | C36: =-Inputs!$E$33*1 -> -4000 | D36: =-Inputs!$E$33*1 -> -4000 | E36: =-Inputs!$E$33*1 -> -4000 | F36: =-Inputs!$E$33*1 -> -4000 | G36: =-Inputs!$E$33*1 -> -4000 | H36: =-Inputs!$E$33*1 -> -4000 | I36: =-Inputs!$E$33*1 -> -4000 | J36: =-Inputs!$E$33*1 -> -4000 | ... AL36: =-Inputs!$E$33*1 -> -4000
A37: Other G&A | C37: =-Inputs!$E$34*1 -> -8000 | D37: =-Inputs!$E$34*1 -> -8000 | E37: =-Inputs!$E$34*1 -> -8000 | F37: =-Inputs!$E$34*1 -> -8000 | G37: =-Inputs!$E$34*1 -> -8000 | H37: =-Inputs!$E$34*1 -> -8000 | I37: =-Inputs!$E$34*1 -> -8000 | J37: =-Inputs!$E$34*1 -> -8000 | ... AL37: =-Inputs!$E$34*1 -> -8000
A38: Total operating expenses | C38: =C30+C31+C32+C33+C34+C35+C36+C37 -> -238213.4 | D38: =D30+D31+D32+D33+D34+D35+D36+D37 -> -238213.4 | E38: =E30+E31+E32+E33+E34+E35+E36+E37 -> -238213.4 | F38: =F30+F31+F32+F33+F34+F35+F36+F37 -> -238213.4 | G38: =G30+G31+G32+G33+G34+G35+G36+G37 -> -238213.4 | H38: =H30+H31+H32+H33+H34+H35+H36+H37 -> -238213.4 | I38: =I30+I31+I32+I33+I34+I35+I36+I37 -> -238213.4 | J38: =J30+J31+J32+J33+J34+J35+J36+J37 -> -238213.4 | ... AL38: =AL30+AL31+AL32+AL33+AL34+AL35+AL36+AL37 -> -384339.77
A39: EBITDA | C39: =C27+C38 -> 18640.801 | D39: =D27+D38 -> 18640.801 | E39: =E27+E38 -> 18640.801 | F39: =F27+F38 -> 18640.801 | G39: =G27+G38 -> 18640.801 | H39: =H27+H38 -> 18640.801 | I39: =I27+I38 -> 18640.801 | J39: =J27+J38 -> 18640.801 | ... AL39: =AL27+AL38 -> 143426.17
A41: Profit after depreciation, interest, tax
A42: EBIT | C42: =C39+C53 -> 14474.135 | D42: =D39+D53 -> 14474.135 | E42: =E39+E53 -> 14474.135 | F42: =F39+F53 -> 14474.135 | G42: =G39+G53 -> 14474.135 | H42: =H39+H53 -> 14474.135 | I42: =I39+I53 -> 14474.135 | J42: =J39+J53 -> 14474.135 | ... AL42: =AL39+AL53 -> 135688.08
A43: Interest on loan (average balance after drawdown) | C43: =-(C58+C59+C61)/2*Inputs!$E$60/12 -> -3333.3333 | D43: =-(D58+D59+D61)/2*Inputs!$E$60/12 -> -3305.5556 | E43: =-(E58+E59+E61)/2*Inputs!$E$60/12 -> -3250 | F43: =-(F58+F59+F61)/2*Inputs!$E$60/12 -> -3194.4444 | G43: =-(G58+G59+G61)/2*Inputs!$E$60/12 -> -3138.8889 | H43: =-(H58+H59+H61)/2*Inputs!$E$60/12 -> -3083.3333 | I43: =-(I58+I59+I61)/2*Inputs!$E$60/12 -> -3027.7778 | J43: =-(J58+J59+J61)/2*Inputs!$E$60/12 -> -2972.2222 | ... AL43: =-(AL58+AL59+AL61)/2*Inputs!$E$60/12 -> -1416.6667
A44: Pre-tax income | C44: =C42+C43 -> 11140.801 | D44: =D42+D43 -> 11168.579 | E44: =E42+E43 -> 11224.135 | F44: =F42+F43 -> 11279.69 | G44: =G42+G43 -> 11335.246 | H44: =H42+H43 -> 11390.801 | I44: =I42+I43 -> 11446.357 | J44: =J42+J43 -> 11501.912 | ... AL44: =AL42+AL43 -> 134271.41
A45: Helper: cumulative pre-tax income | C45: =C44 -> 11140.801 | D45: =C45+D44 -> 22309.38 | E45: =D45+E44 -> 33533.515 | F45: =E45+F44 -> 44813.205 | G45: =F45+G44 -> 56148.45 | H45: =G45+H44 -> 67539.252 | I45: =H45+I44 -> 78985.608 | J45: =I45+J44 -> 90487.521 | K45: =J45+K44 -> 102044.99 | ... AL45: =AK45+AL44 -> 1476349.3
A46: Helper: cumulative taxable income (losses carried forward) | C46: =MAX(0,C45) -> 11140.801 | D46: =MAX(C46,D45) -> 22309.38 | E46: =MAX(D46,E45) -> 33533.515 | F46: =MAX(E46,F45) -> 44813.205 | G46: =MAX(F46,G45) -> 56148.45 | H46: =MAX(G46,H45) -> 67539.252 | I46: =MAX(H46,I45) -> 78985.608 | J46: =MAX(I46,J45) -> 90487.521 | K46: =MAX(J46,K45) -> 102044.99 | ... AL46: =MAX(AK46,AL45) -> 1476349.3
A47: Income tax | C47: =-C46*Inputs!$E$70 -> -2339.5682 | D47: =-(D46-C46)*Inputs!$E$70 -> -2345.4016 | E47: =-(E46-D46)*Inputs!$E$70 -> -2357.0682 | F47: =-(F46-E46)*Inputs!$E$70 -> -2368.7349 | G47: =-(G46-F46)*Inputs!$E$70 -> -2380.4016 | H47: =-(H46-G46)*Inputs!$E$70 -> -2392.0682 | I47: =-(I46-H46)*Inputs!$E$70 -> -2403.7349 | J47: =-(J46-I46)*Inputs!$E$70 -> -2415.4016 | K47: =-(K46-J46)*Inputs!$E$70 -> -2427.0682 | ... AL47: =-(AL46-AK46)*Inputs!$E$70 -> -28196.996
A48: Net income | C48: =C44+C47 -> 8801.2329 | D48: =D44+D47 -> 8823.1774 | E48: =E44+E47 -> 8867.0663 | F48: =F44+F47 -> 8910.9552 | G48: =G44+G47 -> 8954.8441 | H48: =H44+H47 -> 8998.7329 | I48: =I44+I47 -> 9042.6218 | J48: =J44+J47 -> 9086.5107 | ... AL48: =AL44+AL47 -> 106074.41
A50: Fixed assets & capital spending
A51: Capital spending (start-up + store fit-outs) | C51: =IF(C$4=1,Inputs!$E$35+Inputs!$E$18*Inputs!$E$25,0)+IF(AND(C$4>1,MOD(C$4-1,12)=0),Inputs!$E$19*Inputs!$E$25,0) -> 350000 | D51: =IF(D$4=1,Inputs!$E$35+Inputs!$E$18*Inputs!$E$25,0)+IF(AND(D$4>1,MOD(D$4-1,12)=0),Inputs!$E$19*Inputs!$E$25,0) -> 0 | E51: =IF(E$4=1,Inputs!$E$35+Inputs!$E$18*Inputs!$E$25,0)+IF(AND(E$4>1,MOD(E$4-1,12)=0),Inputs!$E$19*Inputs!$E$25,0) -> 0 | F51: =IF(F$4=1,Inputs!$E$35+Inputs!$E$18*Inputs!$E$25,0)+IF(AND(F$4>1,MOD(F$4-1,12)=0),Inputs!$E$19*Inputs!$E$25,0) -> 0 | G51: =IF(G$4=1,Inputs!$E$35+Inputs!$E$18*Inputs!$E$25,0)+IF(AND(G$4>1,MOD(G$4-1,12)=0),Inputs!$E$19*Inputs!$E$25,0) -> 0 | H51: =IF(H$4=1,Inputs!$E$35+Inputs!$E$18*Inputs!$E$25,0)+IF(AND(H$4>1,MOD(H$4-1,12)=0),Inputs!$E$19*Inputs!$E$25,0) -> 0 | I51: =IF(I$4=1,Inputs!$E$35+Inputs!$E$18*Inputs!$E$25,0)+IF(AND(I$4>1,MOD(I$4-1,12)=0),Inputs!$E$19*Inputs!$E$25,0) -> 0 | J51: =IF(J$4=1,Inputs!$E$35+Inputs!$E$18*Inputs!$E$25,0)+IF(AND(J$4>1,MOD(J$4-1,12)=0),Inputs!$E$19*Inputs!$E$25,0) -> 0 | ... AL51: =IF(AL$4=1,Inputs!$E$35+Inputs!$E$18*Inputs!$E$25,0)+IF(AND(AL$4>1,MOD(AL$4-1,12)=0),Inputs!$E$19*Inputs!$E$25,0) -> 0
A52: Fixed assets at cost | C52: =C51 -> 350000 | D52: =C52+D51 -> 350000 | E52: =D52+E51 -> 350000 | F52: =E52+F51 -> 350000 | G52: =F52+G51 -> 350000 | H52: =G52+H51 -> 350000 | I52: =H52+I51 -> 350000 | J52: =I52+J51 -> 350000 | K52: =J52+K51 -> 350000 | ... AL52: =AK52+AL51 -> 650000
A53: Depreciation | C53: =-MIN(C52/MAX(1,Inputs!$E$69*12),C51) -> -4166.6667 | D53: =-MIN(D52/MAX(1,Inputs!$E$69*12),C55+D51) -> -4166.6667 | E53: =-MIN(E52/MAX(1,Inputs!$E$69*12),D55+E51) -> -4166.6667 | F53: =-MIN(F52/MAX(1,Inputs!$E$69*12),E55+F51) -> -4166.6667 | G53: =-MIN(G52/MAX(1,Inputs!$E$69*12),F55+G51) -> -4166.6667 | H53: =-MIN(H52/MAX(1,Inputs!$E$69*12),G55+H51) -> -4166.6667 | I53: =-MIN(I52/MAX(1,Inputs!$E$69*12),H55+I51) -> -4166.6667 | J53: =-MIN(J52/MAX(1,Inputs!$E$69*12),I55+J51) -> -4166.6667 | K53: =-MIN(K52/MAX(1,Inputs!$E$69*12),J55+K51) -> -4166.6667 | ... AL53: =-MIN(AL52/MAX(1,Inputs!$E$69*12),AK55+AL51) -> -7738.0952
A54: Accumulated depreciation | C54: =C53 -> -4166.6667 | D54: =C54+D53 -> -8333.3333 | E54: =D54+E53 -> -12500 | F54: =E54+F53 -> -16666.667 | G54: =F54+G53 -> -20833.333 | H54: =G54+H53 -> -25000 | I54: =H54+I53 -> -29166.667 | J54: =I54+J53 -> -33333.333 | K54: =J54+K53 -> -37500 | ... AL54: =AK54+AL53 -> -214285.71
A55: Net fixed assets | C55: =C52+C54 -> 345833.33 | D55: =D52+D54 -> 341666.67 | E55: =E52+E54 -> 337500 | F55: =F52+F54 -> 333333.33 | G55: =G52+G54 -> 329166.67 | H55: =H52+H54 -> 325000 | I55: =I52+I54 -> 320833.33 | J55: =J52+J54 -> 316666.67 | ... AL55: =AL52+AL54 -> 435714.29
A57: Debt
A58: Loan — opening balance | C58: =0 -> 0 | D58: =C61 -> 500000 | E58: =D61 -> 491666.67 | F58: =E61 -> 483333.33 | G58: =F61 -> 475000 | H58: =G61 -> 466666.67 | I58: =H61 -> 458333.33 | J58: =I61 -> 450000 | K58: =J61 -> 441666.67 | ... AL58: =AK61 -> 216666.67
A59: Loan drawdown | C59: =IF(C$4=1,Inputs!$E$59,0) -> 500000 | D59: =IF(D$4=1,Inputs!$E$59,0) -> 0 | E59: =IF(E$4=1,Inputs!$E$59,0) -> 0 | F59: =IF(F$4=1,Inputs!$E$59,0) -> 0 | G59: =IF(G$4=1,Inputs!$E$59,0) -> 0 | H59: =IF(H$4=1,Inputs!$E$59,0) -> 0 | I59: =IF(I$4=1,Inputs!$E$59,0) -> 0 | J59: =IF(J$4=1,Inputs!$E$59,0) -> 0 | ... AL59: =IF(AL$4=1,Inputs!$E$59,0) -> 0
A60: Loan repayment | C60: =-MIN(C58,Inputs!$E$59/MAX(1,Inputs!$E$61*12)) -> 0 | D60: =-MIN(D58,Inputs!$E$59/MAX(1,Inputs!$E$61*12)) -> -8333.3333 | E60: =-MIN(E58,Inputs!$E$59/MAX(1,Inputs!$E$61*12)) -> -8333.3333 | F60: =-MIN(F58,Inputs!$E$59/MAX(1,Inputs!$E$61*12)) -> -8333.3333 | G60: =-MIN(G58,Inputs!$E$59/MAX(1,Inputs!$E$61*12)) -> -8333.3333 | H60: =-MIN(H58,Inputs!$E$59/MAX(1,Inputs!$E$61*12)) -> -8333.3333 | I60: =-MIN(I58,Inputs!$E$59/MAX(1,Inputs!$E$61*12)) -> -8333.3333 | J60: =-MIN(J58,Inputs!$E$59/MAX(1,Inputs!$E$61*12)) -> -8333.3333 | ... AL60: =-MIN(AL58,Inputs!$E$59/MAX(1,Inputs!$E$61*12)) -> -8333.3333
A61: Loan — closing balance | C61: =C58+C59+C60 -> 500000 | D61: =D58+D59+D60 -> 491666.67 | E61: =E58+E59+E60 -> 483333.33 | F61: =F58+F59+F60 -> 475000 | G61: =G58+G59+G60 -> 466666.67 | H61: =H58+H59+H60 -> 458333.33 | I61: =I58+I59+I60 -> 450000 | J61: =J58+J59+J60 -> 441666.67 | ... AL61: =AL58+AL59+AL60 -> 208333.33
A63: Working capital
A64: Accounts receivable | C64: =C25*Inputs!$E$64/30 -> 29523.471 | D64: =D25*Inputs!$E$64/30 -> 29523.471 | E64: =E25*Inputs!$E$64/30 -> 29523.471 | F64: =F25*Inputs!$E$64/30 -> 29523.471 | G64: =G25*Inputs!$E$64/30 -> 29523.471 | H64: =H25*Inputs!$E$64/30 -> 29523.471 | I64: =I25*Inputs!$E$64/30 -> 29523.471 | J64: =J25*Inputs!$E$64/30 -> 29523.471 | ... AL64: =AL25*Inputs!$E$64/30 -> 60662.751
A65: Inventory | C65: =-C26*Inputs!$E$65/30 -> 464994.67 | D65: =-D26*Inputs!$E$65/30 -> 464994.67 | E65: =-E26*Inputs!$E$65/30 -> 464994.67 | F65: =-F26*Inputs!$E$65/30 -> 464994.67 | G65: =-G26*Inputs!$E$65/30 -> 464994.67 | H65: =-H26*Inputs!$E$65/30 -> 464994.67 | I65: =-I26*Inputs!$E$65/30 -> 464994.67 | J65: =-J26*Inputs!$E$65/30 -> 464994.67 | ... AL65: =-AL26*Inputs!$E$65/30 -> 955438.33
A66: Accounts payable | C66: =-C26*Inputs!$E$66/30 -> 185997.87 | D66: =-D26*Inputs!$E$66/30 -> 185997.87 | E66: =-E26*Inputs!$E$66/30 -> 185997.87 | F66: =-F26*Inputs!$E$66/30 -> 185997.87 | G66: =-G26*Inputs!$E$66/30 -> 185997.87 | H66: =-H26*Inputs!$E$66/30 -> 185997.87 | I66: =-I26*Inputs!$E$66/30 -> 185997.87 | J66: =-J26*Inputs!$E$66/30 -> 185997.87 | ... AL66: =-AL26*Inputs!$E$66/30 -> 382175.33
A67: (Increase) / decrease in receivables | C67: =-C64 -> -29523.471 | D67: =C64-D64 -> 0 | E67: =D64-E64 -> 0 | F67: =E64-F64 -> 0 | G67: =F64-G64 -> 0 | H67: =G64-H64 -> 0 | I67: =H64-I64 -> 0 | J67: =I64-J64 -> 0 | K67: =J64-K64 -> 0 | ... AL67: =AK64-AL64 -> 0
A68: (Increase) / decrease in inventory | C68: =-C65 -> -464994.67 | D68: =C65-D65 -> 0 | E68: =D65-E65 -> 0 | F68: =E65-F65 -> 0 | G68: =F65-G65 -> 0 | H68: =G65-H65 -> 0 | I68: =H65-I65 -> 0 | J68: =I65-J65 -> 0 | K68: =J65-K65 -> 0 | ... AL68: =AK65-AL65 -> 0
A69: Increase / (decrease) in payables | C69: =C66 -> 185997.87 | D69: =D66-C66 -> 0 | E69: =E66-D66 -> 0 | F69: =F66-E66 -> 0 | G69: =G66-F66 -> 0 | H69: =H66-G66 -> 0 | I69: =I66-H66 -> 0 | J69: =J66-I66 -> 0 | K69: =K66-J66 -> 0 | ... AL69: =AL66-AK66 -> 0
A71: Cash flow
A72: Operating cash flow | C72: =C48-C53+C67+C68+C69 -> -295552.38 | D72: =D48-D53+D67+D68+D69 -> 12989.844 | E72: =E48-E53+E67+E68+E69 -> 13033.733 | F72: =F48-F53+F67+F68+F69 -> 13077.622 | G72: =G48-G53+G67+G68+G69 -> 13121.511 | H72: =H48-H53+H67+H68+H69 -> 13165.4 | I72: =I48-I53+I67+I68+I69 -> 13209.288 | J72: =J48-J53+J67+J68+J69 -> 13253.177 | ... AL72: =AL48-AL53+AL67+AL68+AL69 -> 113812.51
A73: Investing cash flow (capex) | C73: =-C51 -> -350000 | D73: =-D51 -> 0 | E73: =-E51 -> 0 | F73: =-F51 -> 0 | G73: =-G51 -> 0 | H73: =-H51 -> 0 | I73: =-I51 -> 0 | J73: =-J51 -> 0 | ... AL73: =-AL51 -> 0
A74: Equity raised | C74: =IF(C$4=1,Inputs!$E$58,0) -> 1500000 | D74: =IF(D$4=1,Inputs!$E$58,0) -> 0 | E74: =IF(E$4=1,Inputs!$E$58,0) -> 0 | F74: =IF(F$4=1,Inputs!$E$58,0) -> 0 | G74: =IF(G$4=1,Inputs!$E$58,0) -> 0 | H74: =IF(H$4=1,Inputs!$E$58,0) -> 0 | I74: =IF(I$4=1,Inputs!$E$58,0) -> 0 | J74: =IF(J$4=1,Inputs!$E$58,0) -> 0 | ... AL74: =IF(AL$4=1,Inputs!$E$58,0) -> 0
A75: Financing cash flow | C75: =C74+C59+C60 -> 2000000 | D75: =D74+D59+D60 -> -8333.3333 | E75: =E74+E59+E60 -> -8333.3333 | F75: =F74+F59+F60 -> -8333.3333 | G75: =G74+G59+G60 -> -8333.3333 | H75: =H74+H59+H60 -> -8333.3333 | I75: =I74+I59+I60 -> -8333.3333 | J75: =J74+J59+J60 -> -8333.3333 | ... AL75: =AL74+AL59+AL60 -> -8333.3333
A76: Net cash flow | C76: =C72+C73+C75 -> 1354447.6 | D76: =D72+D73+D75 -> 4656.5107 | E76: =E72+E73+E75 -> 4700.3996 | F76: =F72+F73+F75 -> 4744.2885 | G76: =G72+G73+G75 -> 4788.1774 | H76: =H72+H73+H75 -> 4832.0663 | I76: =I72+I73+I75 -> 4875.9552 | J76: =J72+J73+J75 -> 4919.8441 | ... AL76: =AL72+AL73+AL75 -> 105479.17
A77: Opening cash | C77: =0 -> 0 | D77: =C78 -> 1354447.6 | E77: =D78 -> 1359104.1 | F77: =E78 -> 1363804.5 | G77: =F78 -> 1368548.8 | H77: =G78 -> 1373337 | I77: =H78 -> 1378169.1 | J77: =I78 -> 1383045 | K77: =J78 -> 1387964.9 | ... AL77: =AK78 -> 1699530.1
A78: Closing cash | C78: =C77+C76 -> 1354447.6 | D78: =D77+D76 -> 1359104.1 | E78: =E77+E76 -> 1363804.5 | F78: =F77+F76 -> 1368548.8 | G78: =G77+G76 -> 1373337 | H78: =H77+H76 -> 1378169.1 | I78: =I77+I76 -> 1383045 | J78: =J77+J76 -> 1387964.9 | ... AL78: =AL77+AL76 -> 1805009.3
A79: Helper: EBITDA positive (1/0) | C79: =IF(C39>0,1,0) -> 1 | D79: =IF(D39>0,1,0) -> 1 | E79: =IF(E39>0,1,0) -> 1 | F79: =IF(F39>0,1,0) -> 1 | G79: =IF(G39>0,1,0) -> 1 | H79: =IF(H39>0,1,0) -> 1 | I79: =IF(I39>0,1,0) -> 1 | J79: =IF(J39>0,1,0) -> 1 | ... AL79: =IF(AL39>0,1,0) -> 1
A81: Balance sheet
A82: Paid-in capital | C82: =C74 -> 1500000 | D82: =C82+D74 -> 1500000 | E82: =D82+E74 -> 1500000 | F82: =E82+F74 -> 1500000 | G82: =F82+G74 -> 1500000 | H82: =G82+H74 -> 1500000 | I82: =H82+I74 -> 1500000 | J82: =I82+J74 -> 1500000 | K82: =J82+K74 -> 1500000 | ... AL82: =AK82+AL74 -> 1500000
A83: Retained earnings | C83: =C48 -> 8801.2329 | D83: =C83+D48 -> 17624.41 | E83: =D83+E48 -> 26491.477 | F83: =E83+F48 -> 35402.432 | G83: =F83+G48 -> 44357.276 | H83: =G83+H48 -> 53356.009 | I83: =H83+I48 -> 62398.631 | J83: =I83+J48 -> 71485.141 | K83: =J83+K48 -> 80615.541 | ... AL83: =AK83+AL48 -> 1166316
A84: Total assets | C84: =C78+C64+C65+C55 -> 2194799.1 | D84: =D78+D64+D65+D55 -> 2195288.9 | E84: =E78+E64+E65+E55 -> 2195822.7 | F84: =F78+F64+F65+F55 -> 2196400.3 | G84: =G78+G64+G65+G55 -> 2197021.8 | H84: =H78+H64+H65+H55 -> 2197687.2 | I84: =I78+I64+I65+I55 -> 2198396.5 | J84: =J78+J64+J65+J55 -> 2199149.7 | ... AL84: =AL78+AL64+AL65+AL55 -> 3256824.6
A85: Total liabilities | C85: =C66+C61 -> 685997.87 | D85: =D66+D61 -> 677664.54 | E85: =E66+E61 -> 669331.2 | F85: =F66+F61 -> 660997.87 | G85: =G66+G61 -> 652664.54 | H85: =H66+H61 -> 644331.2 | I85: =I66+I61 -> 635997.87 | J85: =J66+J61 -> 627664.54 | ... AL85: =AL66+AL61 -> 590508.67
A86: Total equity | C86: =C82+C83 -> 1508801.2 | D86: =D82+D83 -> 1517624.4 | E86: =E82+E83 -> 1526491.5 | F86: =F82+F83 -> 1535402.4 | G86: =G82+G83 -> 1544357.3 | H86: =H82+H83 -> 1553356 | I86: =I82+I83 -> 1562398.6 | J86: =J82+J83 -> 1571485.1 | ... AL86: =AL82+AL83 -> 2666316
A87: Total liabilities & equity | C87: =C85+C86 -> 2194799.1 | D87: =D85+D86 -> 2195288.9 | E87: =E85+E86 -> 2195822.7 | F87: =F85+F86 -> 2196400.3 | G87: =G85+G86 -> 2197021.8 | H87: =H85+H86 -> 2197687.2 | I87: =I85+I86 -> 2198396.5 | J87: =J85+J86 -> 2199149.7 | ... AL87: =AL85+AL86 -> 3256824.6
A88: Check: assets − liabilities − equity | C88: =C84-C87 -> 0 | D88: =D84-D87 -> 0 | E88: =E84-E87 -> 0 | F88: =F84-F87 -> 0 | G88: =G84-G87 -> 0 | H88: =H84-H87 -> 0 | I88: =I84-I87 -> 0 | J88: =J84-J87 -> 0 | ... AL88: =AL84-AL87 -> 0

Sheet P&L
A1: Annual profit & loss
A2: Rolled up from the period detail (SUMIF on the year row; balances at year end).
A3: Year # | B3: 1 | C3: 2 | D3: 3
B4: Year 1 | C4: Year 2 | D4: Year 3
A5: Revenue | B5: =SUMIF(Monthly!$C$5:$AL$5,B$3,Monthly!$C$25:$AL$25) -> 5514942.9 | C5: =SUMIF(Monthly!$C$5:$AL$5,C$3,Monthly!$C$25:$AL$25) -> 7179087.9 | D5: =SUMIF(Monthly!$C$5:$AL$5,D$3,Monthly!$C$25:$AL$25) -> 9149574.9
A6: Product cost | B6: =SUMIF(Monthly!$C$5:$AL$5,B$3,Monthly!$C$26:$AL$26) -> -2316276 | C6: =SUMIF(Monthly!$C$5:$AL$5,C$3,Monthly!$C$26:$AL$26) -> -3015216.9 | D6: =SUMIF(Monthly!$C$5:$AL$5,D$3,Monthly!$C$26:$AL$26) -> -3842821.4
A7: Gross profit | B7: =SUMIF(Monthly!$C$5:$AL$5,B$3,Monthly!$C$27:$AL$27) -> 3198666.9 | C7: =SUMIF(Monthly!$C$5:$AL$5,C$3,Monthly!$C$27:$AL$27) -> 4163871 | D7: =SUMIF(Monthly!$C$5:$AL$5,D$3,Monthly!$C$27:$AL$27) -> 5306753.4
A8: Gross margin | B8: =IF(B5=0,0,B7/B5) -> 0.58 | C8: =IF(C5=0,0,C7/C5) -> 0.58 | D8: =IF(D5=0,0,D7/D5) -> 0.58
A9: Fulfilment & shipping | B9: =SUMIF(Monthly!$C$5:$AL$5,B$3,Monthly!$C$30:$AL$30) -> -533622.86 | C9: =SUMIF(Monthly!$C$5:$AL$5,C$3,Monthly!$C$30:$AL$30) -> -654171.43 | D9: =SUMIF(Monthly!$C$5:$AL$5,D$3,Monthly!$C$30:$AL$30) -> -802285.71
A10: Payment processing | B10: =SUMIF(Monthly!$C$5:$AL$5,B$3,Monthly!$C$31:$AL$31) -> -165448.29 | C10: =SUMIF(Monthly!$C$5:$AL$5,C$3,Monthly!$C$31:$AL$31) -> -215372.64 | D10: =SUMIF(Monthly!$C$5:$AL$5,D$3,Monthly!$C$31:$AL$31) -> -274487.25
A11: Paid ads | B11: =SUMIF(Monthly!$C$5:$AL$5,B$3,Monthly!$C$32:$AL$32) -> -600000 | C11: =SUMIF(Monthly!$C$5:$AL$5,C$3,Monthly!$C$32:$AL$32) -> -720000 | D11: =SUMIF(Monthly!$C$5:$AL$5,D$3,Monthly!$C$32:$AL$32) -> -864000
A12: Payroll | B12: =SUMIF(Monthly!$C$5:$AL$5,B$3,Monthly!$C$33:$AL$33) -> -1258100 | C12: =SUMIF(Monthly!$C$5:$AL$5,C$3,Monthly!$C$33:$AL$33) -> -1578583.1 | D12: =SUMIF(Monthly!$C$5:$AL$5,D$3,Monthly!$C$33:$AL$33) -> -1984612.6
A13: Store rent | B13: =SUMIF(Monthly!$C$5:$AL$5,B$3,Monthly!$C$34:$AL$34) -> -120000 | C13: =SUMIF(Monthly!$C$5:$AL$5,C$3,Monthly!$C$34:$AL$34) -> -180000 | D13: =SUMIF(Monthly!$C$5:$AL$5,D$3,Monthly!$C$34:$AL$34) -> -240000
A14: Store running costs | B14: =SUMIF(Monthly!$C$5:$AL$5,B$3,Monthly!$C$35:$AL$35) -> -60000 | C14: =SUMIF(Monthly!$C$5:$AL$5,C$3,Monthly!$C$35:$AL$35) -> -90000 | D14: =SUMIF(Monthly!$C$5:$AL$5,D$3,Monthly!$C$35:$AL$35) -> -120000
A15: Platform & software | B15: =SUMIF(Monthly!$C$5:$AL$5,B$3,Monthly!$C$36:$AL$36) -> -48000 | C15: =SUMIF(Monthly!$C$5:$AL$5,C$3,Monthly!$C$36:$AL$36) -> -48000 | D15: =SUMIF(Monthly!$C$5:$AL$5,D$3,Monthly!$C$36:$AL$36) -> -48000
A16: Other G&A | B16: =SUMIF(Monthly!$C$5:$AL$5,B$3,Monthly!$C$37:$AL$37) -> -96000 | C16: =SUMIF(Monthly!$C$5:$AL$5,C$3,Monthly!$C$37:$AL$37) -> -96000 | D16: =SUMIF(Monthly!$C$5:$AL$5,D$3,Monthly!$C$37:$AL$37) -> -96000
A17: Total operating expenses | B17: =SUMIF(Monthly!$C$5:$AL$5,B$3,Monthly!$C$38:$AL$38) -> -2881171.1 | C17: =SUMIF(Monthly!$C$5:$AL$5,C$3,Monthly!$C$38:$AL$38) -> -3582127.2 | D17: =SUMIF(Monthly!$C$5:$AL$5,D$3,Monthly!$C$38:$AL$38) -> -4429385.6
A18: EBITDA | B18: =SUMIF(Monthly!$C$5:$AL$5,B$3,Monthly!$C$39:$AL$39) -> 317495.71 | C18: =SUMIF(Monthly!$C$5:$AL$5,C$3,Monthly!$C$39:$AL$39) -> 581743.74 | D18: =SUMIF(Monthly!$C$5:$AL$5,D$3,Monthly!$C$39:$AL$39) -> 877367.82
A19: EBITDA margin | B19: =IF(B5=0,0,B18/B5) -> 0.057570082 | C19: =IF(C5=0,0,C18/C5) -> 0.0810331 | D19: =IF(D5=0,0,D18/D5) -> 0.095891649
A20: Depreciation | B20: =SUMIF(Monthly!$C$5:$AL$5,B$3,Monthly!$C$53:$AL$53) -> -50000 | C20: =SUMIF(Monthly!$C$5:$AL$5,C$3,Monthly!$C$53:$AL$53) -> -71428.571 | D20: =SUMIF(Monthly!$C$5:$AL$5,D$3,Monthly!$C$53:$AL$53) -> -92857.143
A21: EBIT | B21: =SUMIF(Monthly!$C$5:$AL$5,B$3,Monthly!$C$42:$AL$42) -> 267495.71 | C21: =SUMIF(Monthly!$C$5:$AL$5,C$3,Monthly!$C$42:$AL$42) -> 510315.17 | D21: =SUMIF(Monthly!$C$5:$AL$5,D$3,Monthly!$C$42:$AL$42) -> 784510.68
A22: Interest | B22: =SUMIF(Monthly!$C$5:$AL$5,B$3,Monthly!$C$43:$AL$43) -> -36638.889 | C22: =SUMIF(Monthly!$C$5:$AL$5,C$3,Monthly!$C$43:$AL$43) -> -28666.667 | D22: =SUMIF(Monthly!$C$5:$AL$5,D$3,Monthly!$C$43:$AL$43) -> -20666.667
A23: Pre-tax income | B23: =SUMIF(Monthly!$C$5:$AL$5,B$3,Monthly!$C$44:$AL$44) -> 230856.83 | C23: =SUMIF(Monthly!$C$5:$AL$5,C$3,Monthly!$C$44:$AL$44) -> 481648.5 | D23: =SUMIF(Monthly!$C$5:$AL$5,D$3,Monthly!$C$44:$AL$44) -> 763844.01
A24: Income tax | B24: =SUMIF(Monthly!$C$5:$AL$5,B$3,Monthly!$C$47:$AL$47) -> -48479.933 | C24: =SUMIF(Monthly!$C$5:$AL$5,C$3,Monthly!$C$47:$AL$47) -> -101146.19 | D24: =SUMIF(Monthly!$C$5:$AL$5,D$3,Monthly!$C$47:$AL$47) -> -160407.24
A25: Net income | B25: =SUMIF(Monthly!$C$5:$AL$5,B$3,Monthly!$C$48:$AL$48) -> 182376.89 | C25: =SUMIF(Monthly!$C$5:$AL$5,C$3,Monthly!$C$48:$AL$48) -> 380502.32 | D25: =SUMIF(Monthly!$C$5:$AL$5,D$3,Monthly!$C$48:$AL$48) -> 603436.77
A26: Net margin | B26: =IF(B5=0,0,B25/B5) -> 0.033069589 | C26: =IF(C5=0,0,C25/C5) -> 0.053001485 | D26: =IF(D5=0,0,D25/D5) -> 0.065952438

Sheet Cash Flow
A1: Annual cash flow statement
A2: Rolled up from the period detail (SUMIF on the year row; balances at year end).
A3: Year # | B3: 1 | C3: 2 | D3: 3
B4: Year 1 | C4: Year 2 | D4: Year 3
A5: Net income | B5: =SUMIF(Monthly!$C$5:$AL$5,B$3,Monthly!$C$48:$AL$48) -> 182376.89 | C5: =SUMIF(Monthly!$C$5:$AL$5,C$3,Monthly!$C$48:$AL$48) -> 380502.32 | D5: =SUMIF(Monthly!$C$5:$AL$5,D$3,Monthly!$C$48:$AL$48) -> 603436.77
A6: Add back depreciation | B6: =-SUMIF(Monthly!$C$5:$AL$5,B$3,Monthly!$C$53:$AL$53) -> 50000 | C6: =-SUMIF(Monthly!$C$5:$AL$5,C$3,Monthly!$C$53:$AL$53) -> 71428.571 | D6: =-SUMIF(Monthly!$C$5:$AL$5,D$3,Monthly!$C$53:$AL$53) -> 92857.143
A7: (Increase) / decrease in receivables | B7: =SUMIF(Monthly!$C$5:$AL$5,B$3,Monthly!$C$67:$AL$67) -> -36214.071 | C7: =SUMIF(Monthly!$C$5:$AL$5,C$3,Monthly!$C$67:$AL$67) -> -11208.825 | D7: =SUMIF(Monthly!$C$5:$AL$5,D$3,Monthly!$C$67:$AL$67) -> -13239.855
A8: (Increase) / decrease in inventory | B8: =SUMIF(Monthly!$C$5:$AL$5,B$3,Monthly!$C$68:$AL$68) -> -570371.62 | C8: =SUMIF(Monthly!$C$5:$AL$5,C$3,Monthly!$C$68:$AL$68) -> -176538.99 | D8: =SUMIF(Monthly!$C$5:$AL$5,D$3,Monthly!$C$68:$AL$68) -> -208527.72
A9: Increase / (decrease) in payables | B9: =SUMIF(Monthly!$C$5:$AL$5,B$3,Monthly!$C$69:$AL$69) -> 228148.65 | C9: =SUMIF(Monthly!$C$5:$AL$5,C$3,Monthly!$C$69:$AL$69) -> 70615.598 | D9: =SUMIF(Monthly!$C$5:$AL$5,D$3,Monthly!$C$69:$AL$69) -> 83411.087
A10: Operating cash flow | B10: =SUMIF(Monthly!$C$5:$AL$5,B$3,Monthly!$C$72:$AL$72) -> -146060.15 | C10: =SUMIF(Monthly!$C$5:$AL$5,C$3,Monthly!$C$72:$AL$72) -> 334798.67 | D10: =SUMIF(Monthly!$C$5:$AL$5,D$3,Monthly!$C$72:$AL$72) -> 557937.43
A11: Capital spending | B11: =SUMIF(Monthly!$C$5:$AL$5,B$3,Monthly!$C$73:$AL$73) -> -350000 | C11: =SUMIF(Monthly!$C$5:$AL$5,C$3,Monthly!$C$73:$AL$73) -> -150000 | D11: =SUMIF(Monthly!$C$5:$AL$5,D$3,Monthly!$C$73:$AL$73) -> -150000
A12: Equity raised | B12: =SUMIF(Monthly!$C$5:$AL$5,B$3,Monthly!$C$74:$AL$74) -> 1500000 | C12: =SUMIF(Monthly!$C$5:$AL$5,C$3,Monthly!$C$74:$AL$74) -> 0 | D12: =SUMIF(Monthly!$C$5:$AL$5,D$3,Monthly!$C$74:$AL$74) -> 0
A13: Loan drawdown | B13: =SUMIF(Monthly!$C$5:$AL$5,B$3,Monthly!$C$59:$AL$59) -> 500000 | C13: =SUMIF(Monthly!$C$5:$AL$5,C$3,Monthly!$C$59:$AL$59) -> 0 | D13: =SUMIF(Monthly!$C$5:$AL$5,D$3,Monthly!$C$59:$AL$59) -> 0
A14: Loan repayment | B14: =SUMIF(Monthly!$C$5:$AL$5,B$3,Monthly!$C$60:$AL$60) -> -91666.667 | C14: =SUMIF(Monthly!$C$5:$AL$5,C$3,Monthly!$C$60:$AL$60) -> -100000 | D14: =SUMIF(Monthly!$C$5:$AL$5,D$3,Monthly!$C$60:$AL$60) -> -100000
A15: Financing cash flow | B15: =SUMIF(Monthly!$C$5:$AL$5,B$3,Monthly!$C$75:$AL$75) -> 1908333.3 | C15: =SUMIF(Monthly!$C$5:$AL$5,C$3,Monthly!$C$75:$AL$75) -> -100000 | D15: =SUMIF(Monthly!$C$5:$AL$5,D$3,Monthly!$C$75:$AL$75) -> -100000
A16: Net change in cash | B16: =SUMIF(Monthly!$C$5:$AL$5,B$3,Monthly!$C$76:$AL$76) -> 1412273.2 | C16: =SUMIF(Monthly!$C$5:$AL$5,C$3,Monthly!$C$76:$AL$76) -> 84798.669 | D16: =SUMIF(Monthly!$C$5:$AL$5,D$3,Monthly!$C$76:$AL$76) -> 307937.43
A17: Opening cash | B17: =INDEX(Monthly!$C$77:$AL$77,(B$3-1)*12+1) -> 0 | C17: =INDEX(Monthly!$C$77:$AL$77,(C$3-1)*12+1) -> 1412273.2 | D17: =INDEX(Monthly!$C$77:$AL$77,(D$3-1)*12+1) -> 1497071.8
A18: Closing cash | B18: =INDEX(Monthly!$C$78:$AL$78,B$3*12) -> 1412273.2 | C18: =INDEX(Monthly!$C$78:$AL$78,C$3*12) -> 1497071.8 | D18: =INDEX(Monthly!$C$78:$AL$78,D$3*12) -> 1805009.3

Sheet Balance Sheet
A1: Balance sheet at year end
A2: Rolled up from the period detail (SUMIF on the year row; balances at year end).
A3: Year # | B3: 1 | C3: 2 | D3: 3
B4: Year 1 | C4: Year 2 | D4: Year 3
A5: Cash | B5: =INDEX(Monthly!$C$78:$AL$78,B$3*12) -> 1412273.2 | C5: =INDEX(Monthly!$C$78:$AL$78,C$3*12) -> 1497071.8 | D5: =INDEX(Monthly!$C$78:$AL$78,D$3*12) -> 1805009.3
A6: Accounts receivable | B6: =INDEX(Monthly!$C$64:$AL$64,B$3*12) -> 36214.071 | C6: =INDEX(Monthly!$C$64:$AL$64,C$3*12) -> 47422.896 | D6: =INDEX(Monthly!$C$64:$AL$64,D$3*12) -> 60662.751
A7: Inventory | B7: =INDEX(Monthly!$C$65:$AL$65,B$3*12) -> 570371.62 | C7: =INDEX(Monthly!$C$65:$AL$65,C$3*12) -> 746910.62 | D7: =INDEX(Monthly!$C$65:$AL$65,D$3*12) -> 955438.33
A8: Net fixed assets | B8: =INDEX(Monthly!$C$55:$AL$55,B$3*12) -> 300000 | C8: =INDEX(Monthly!$C$55:$AL$55,C$3*12) -> 378571.43 | D8: =INDEX(Monthly!$C$55:$AL$55,D$3*12) -> 435714.29
A9: Total assets | B9: =INDEX(Monthly!$C$84:$AL$84,B$3*12) -> 2318858.9 | C9: =INDEX(Monthly!$C$84:$AL$84,C$3*12) -> 2669976.8 | D9: =INDEX(Monthly!$C$84:$AL$84,D$3*12) -> 3256824.6
A10: Accounts payable | B10: =INDEX(Monthly!$C$66:$AL$66,B$3*12) -> 228148.65 | C10: =INDEX(Monthly!$C$66:$AL$66,C$3*12) -> 298764.25 | D10: =INDEX(Monthly!$C$66:$AL$66,D$3*12) -> 382175.33
A11: Loan | B11: =INDEX(Monthly!$C$61:$AL$61,B$3*12) -> 408333.33 | C11: =INDEX(Monthly!$C$61:$AL$61,C$3*12) -> 308333.33 | D11: =INDEX(Monthly!$C$61:$AL$61,D$3*12) -> 208333.33
A12: Total liabilities | B12: =INDEX(Monthly!$C$85:$AL$85,B$3*12) -> 636481.98 | C12: =INDEX(Monthly!$C$85:$AL$85,C$3*12) -> 607097.58 | D12: =INDEX(Monthly!$C$85:$AL$85,D$3*12) -> 590508.67
A13: Paid-in capital | B13: =INDEX(Monthly!$C$82:$AL$82,B$3*12) -> 1500000 | C13: =INDEX(Monthly!$C$82:$AL$82,C$3*12) -> 1500000 | D13: =INDEX(Monthly!$C$82:$AL$82,D$3*12) -> 1500000
A14: Retained earnings | B14: =INDEX(Monthly!$C$83:$AL$83,B$3*12) -> 182376.89 | C14: =INDEX(Monthly!$C$83:$AL$83,C$3*12) -> 562879.21 | D14: =INDEX(Monthly!$C$83:$AL$83,D$3*12) -> 1166316
A15: Total equity | B15: =INDEX(Monthly!$C$86:$AL$86,B$3*12) -> 1682376.9 | C15: =INDEX(Monthly!$C$86:$AL$86,C$3*12) -> 2062879.2 | D15: =INDEX(Monthly!$C$86:$AL$86,D$3*12) -> 2666316
A16: Total liabilities & equity | B16: =INDEX(Monthly!$C$87:$AL$87,B$3*12) -> 2318858.9 | C16: =INDEX(Monthly!$C$87:$AL$87,C$3*12) -> 2669976.8 | D16: =INDEX(Monthly!$C$87:$AL$87,D$3*12) -> 3256824.6
A17: Check: assets − liabilities − equity (must be 0) | B17: =INDEX(Monthly!$C$88:$AL$88,B$3*12) -> 0 | C17: =INDEX(Monthly!$C$88:$AL$88,C$3*12) -> 0 | D17: =INDEX(Monthly!$C$88:$AL$88,D$3*12) -> 0

Sheet Headcount
A1: Headcount & payroll
A2: $ unless stated; costs shown as negatives. Every period uses the same formula.
A3: Month | C3: M1 | D3: M2 | E3: M3 | F3: M4 | G3: M5 | H3: M6 | I3: M7 | J3: M8 | K3: M9 | L3: M10 | M3: M11 | N3: M12 | O3: M13 | P3: M14 | Q3: M15 | R3: M16 | S3: M17 | T3: M18 | U3: M19 | V3: M20 | W3: M21 | X3: M22 | Y3: M23 | Z3: M24 | AA3: M25 | AB3: M26 | AC3: M27 | AD3: M28 | AE3: M29 | AF3: M30 | AG3: M31 | AH3: M32 | AI3: M33 | AJ3: M34 | AK3: M35 | AL3: M36
A4: Period # | C4: 1 | D4: 2 | E4: 3 | F4: 4 | G4: 5 | H4: 6 | I4: 7 | J4: 8 | K4: 9 | L4: 10 | M4: 11 | N4: 12 | O4: 13 | P4: 14 | Q4: 15 | R4: 16 | S4: 17 | T4: 18 | U4: 19 | V4: 20 | W4: 21 | X4: 22 | Y4: 23 | Z4: 24 | AA4: 25 | AB4: 26 | AC4: 27 | AD4: 28 | AE4: 29 | AF4: 30 | AG4: 31 | AH4: 32 | AI4: 33 | AJ4: 34 | AK4: 35 | AL4: 36
A5: Year # | C5: =ROUNDUP(C4*1/12,0) -> 1 | D5: =ROUNDUP(D4*1/12,0) -> 1 | E5: =ROUNDUP(E4*1/12,0) -> 1 | F5: =ROUNDUP(F4*1/12,0) -> 1 | G5: =ROUNDUP(G4*1/12,0) -> 1 | H5: =ROUNDUP(H4*1/12,0) -> 1 | I5: =ROUNDUP(I4*1/12,0) -> 1 | J5: =ROUNDUP(J4*1/12,0) -> 1 | ... AL5: =ROUNDUP(AL4*1/12,0) -> 3
A7: Headcount (FTE)
A8: Operations & fulfilment — FTE | C8: =Inputs!$E$38*(1+Inputs!$E$40)^(C$5-1)*MAX(0,MIN(1,C$4*1-Inputs!$E$41+1))/1 -> 6 | D8: =Inputs!$E$38*(1+Inputs!$E$40)^(D$5-1)*MAX(0,MIN(1,D$4*1-Inputs!$E$41+1))/1 -> 6 | E8: =Inputs!$E$38*(1+Inputs!$E$40)^(E$5-1)*MAX(0,MIN(1,E$4*1-Inputs!$E$41+1))/1 -> 6 | F8: =Inputs!$E$38*(1+Inputs!$E$40)^(F$5-1)*MAX(0,MIN(1,F$4*1-Inputs!$E$41+1))/1 -> 6 | G8: =Inputs!$E$38*(1+Inputs!$E$40)^(G$5-1)*MAX(0,MIN(1,G$4*1-Inputs!$E$41+1))/1 -> 6 | H8: =Inputs!$E$38*(1+Inputs!$E$40)^(H$5-1)*MAX(0,MIN(1,H$4*1-Inputs!$E$41+1))/1 -> 6 | I8: =Inputs!$E$38*(1+Inputs!$E$40)^(I$5-1)*MAX(0,MIN(1,I$4*1-Inputs!$E$41+1))/1 -> 6 | J8: =Inputs!$E$38*(1+Inputs!$E$40)^(J$5-1)*MAX(0,MIN(1,J$4*1-Inputs!$E$41+1))/1 -> 6 | ... AL8: =Inputs!$E$38*(1+Inputs!$E$40)^(AL$5-1)*MAX(0,MIN(1,AL$4*1-Inputs!$E$41+1))/1 -> 8.64
A9: Marketing & e-commerce — FTE | C9: =Inputs!$E$42*(1+Inputs!$E$44)^(C$5-1)*MAX(0,MIN(1,C$4*1-Inputs!$E$45+1))/1 -> 4 | D9: =Inputs!$E$42*(1+Inputs!$E$44)^(D$5-1)*MAX(0,MIN(1,D$4*1-Inputs!$E$45+1))/1 -> 4 | E9: =Inputs!$E$42*(1+Inputs!$E$44)^(E$5-1)*MAX(0,MIN(1,E$4*1-Inputs!$E$45+1))/1 -> 4 | F9: =Inputs!$E$42*(1+Inputs!$E$44)^(F$5-1)*MAX(0,MIN(1,F$4*1-Inputs!$E$45+1))/1 -> 4 | G9: =Inputs!$E$42*(1+Inputs!$E$44)^(G$5-1)*MAX(0,MIN(1,G$4*1-Inputs!$E$45+1))/1 -> 4 | H9: =Inputs!$E$42*(1+Inputs!$E$44)^(H$5-1)*MAX(0,MIN(1,H$4*1-Inputs!$E$45+1))/1 -> 4 | I9: =Inputs!$E$42*(1+Inputs!$E$44)^(I$5-1)*MAX(0,MIN(1,I$4*1-Inputs!$E$45+1))/1 -> 4 | J9: =Inputs!$E$42*(1+Inputs!$E$44)^(J$5-1)*MAX(0,MIN(1,J$4*1-Inputs!$E$45+1))/1 -> 4 | ... AL9: =Inputs!$E$42*(1+Inputs!$E$44)^(AL$5-1)*MAX(0,MIN(1,AL$4*1-Inputs!$E$45+1))/1 -> 5.76
A10: Store staff — FTE | C10: =Inputs!$E$46*(1+Inputs!$E$48)^(C$5-1)*MAX(0,MIN(1,C$4*1-Inputs!$E$49+1))/1 -> 8 | D10: =Inputs!$E$46*(1+Inputs!$E$48)^(D$5-1)*MAX(0,MIN(1,D$4*1-Inputs!$E$49+1))/1 -> 8 | E10: =Inputs!$E$46*(1+Inputs!$E$48)^(E$5-1)*MAX(0,MIN(1,E$4*1-Inputs!$E$49+1))/1 -> 8 | F10: =Inputs!$E$46*(1+Inputs!$E$48)^(F$5-1)*MAX(0,MIN(1,F$4*1-Inputs!$E$49+1))/1 -> 8 | G10: =Inputs!$E$46*(1+Inputs!$E$48)^(G$5-1)*MAX(0,MIN(1,G$4*1-Inputs!$E$49+1))/1 -> 8 | H10: =Inputs!$E$46*(1+Inputs!$E$48)^(H$5-1)*MAX(0,MIN(1,H$4*1-Inputs!$E$49+1))/1 -> 8 | I10: =Inputs!$E$46*(1+Inputs!$E$48)^(I$5-1)*MAX(0,MIN(1,I$4*1-Inputs!$E$49+1))/1 -> 8 | J10: =Inputs!$E$46*(1+Inputs!$E$48)^(J$5-1)*MAX(0,MIN(1,J$4*1-Inputs!$E$49+1))/1 -> 8 | ... AL10: =Inputs!$E$46*(1+Inputs!$E$48)^(AL$5-1)*MAX(0,MIN(1,AL$4*1-Inputs!$E$49+1))/1 -> 13.52
A11: G&A (finance, admin) — FTE | C11: =Inputs!$E$50*(1+Inputs!$E$52)^(C$5-1)*MAX(0,MIN(1,C$4*1-Inputs!$E$53+1))/1 -> 3 | D11: =Inputs!$E$50*(1+Inputs!$E$52)^(D$5-1)*MAX(0,MIN(1,D$4*1-Inputs!$E$53+1))/1 -> 3 | E11: =Inputs!$E$50*(1+Inputs!$E$52)^(E$5-1)*MAX(0,MIN(1,E$4*1-Inputs!$E$53+1))/1 -> 3 | F11: =Inputs!$E$50*(1+Inputs!$E$52)^(F$5-1)*MAX(0,MIN(1,F$4*1-Inputs!$E$53+1))/1 -> 3 | G11: =Inputs!$E$50*(1+Inputs!$E$52)^(G$5-1)*MAX(0,MIN(1,G$4*1-Inputs!$E$53+1))/1 -> 3 | H11: =Inputs!$E$50*(1+Inputs!$E$52)^(H$5-1)*MAX(0,MIN(1,H$4*1-Inputs!$E$53+1))/1 -> 3 | I11: =Inputs!$E$50*(1+Inputs!$E$52)^(I$5-1)*MAX(0,MIN(1,I$4*1-Inputs!$E$53+1))/1 -> 3 | J11: =Inputs!$E$50*(1+Inputs!$E$52)^(J$5-1)*MAX(0,MIN(1,J$4*1-Inputs!$E$53+1))/1 -> 3 | ... AL11: =Inputs!$E$50*(1+Inputs!$E$52)^(AL$5-1)*MAX(0,MIN(1,AL$4*1-Inputs!$E$53+1))/1 -> 3.9675
A12: Total FTE | C12: =C8+C9+C10+C11 -> 21 | D12: =D8+D9+D10+D11 -> 21 | E12: =E8+E9+E10+E11 -> 21 | F12: =F8+F9+F10+F11 -> 21 | G12: =G8+G9+G10+G11 -> 21 | H12: =H8+H9+H10+H11 -> 21 | I12: =I8+I9+I10+I11 -> 21 | J12: =J8+J9+J10+J11 -> 21 | ... AL12: =AL8+AL9+AL10+AL11 -> 31.8875
A14: Payroll cost (salary + taxes & benefits)
A15: Operations & fulfilment — payroll cost | C15: =-C8*Inputs!$E$39/12*1*(1+Inputs!$E$54)*(1+Inputs!$E$55)^(C$5-1) -> -28750 | D15: =-D8*Inputs!$E$39/12*1*(1+Inputs!$E$54)*(1+Inputs!$E$55)^(D$5-1) -> -28750 | E15: =-E8*Inputs!$E$39/12*1*(1+Inputs!$E$54)*(1+Inputs!$E$55)^(E$5-1) -> -28750 | F15: =-F8*Inputs!$E$39/12*1*(1+Inputs!$E$54)*(1+Inputs!$E$55)^(F$5-1) -> -28750 | G15: =-G8*Inputs!$E$39/12*1*(1+Inputs!$E$54)*(1+Inputs!$E$55)^(G$5-1) -> -28750 | H15: =-H8*Inputs!$E$39/12*1*(1+Inputs!$E$54)*(1+Inputs!$E$55)^(H$5-1) -> -28750 | I15: =-I8*Inputs!$E$39/12*1*(1+Inputs!$E$54)*(1+Inputs!$E$55)^(I$5-1) -> -28750 | J15: =-J8*Inputs!$E$39/12*1*(1+Inputs!$E$54)*(1+Inputs!$E$55)^(J$5-1) -> -28750 | ... AL15: =-AL8*Inputs!$E$39/12*1*(1+Inputs!$E$54)*(1+Inputs!$E$55)^(AL$5-1) -> -43921.26
A16: Marketing & e-commerce — payroll cost | C16: =-C9*Inputs!$E$43/12*1*(1+Inputs!$E$54)*(1+Inputs!$E$55)^(C$5-1) -> -26833.333 | D16: =-D9*Inputs!$E$43/12*1*(1+Inputs!$E$54)*(1+Inputs!$E$55)^(D$5-1) -> -26833.333 | E16: =-E9*Inputs!$E$43/12*1*(1+Inputs!$E$54)*(1+Inputs!$E$55)^(E$5-1) -> -26833.333 | F16: =-F9*Inputs!$E$43/12*1*(1+Inputs!$E$54)*(1+Inputs!$E$55)^(F$5-1) -> -26833.333 | G16: =-G9*Inputs!$E$43/12*1*(1+Inputs!$E$54)*(1+Inputs!$E$55)^(G$5-1) -> -26833.333 | H16: =-H9*Inputs!$E$43/12*1*(1+Inputs!$E$54)*(1+Inputs!$E$55)^(H$5-1) -> -26833.333 | I16: =-I9*Inputs!$E$43/12*1*(1+Inputs!$E$54)*(1+Inputs!$E$55)^(I$5-1) -> -26833.333 | J16: =-J9*Inputs!$E$43/12*1*(1+Inputs!$E$54)*(1+Inputs!$E$55)^(J$5-1) -> -26833.333 | ... AL16: =-AL9*Inputs!$E$43/12*1*(1+Inputs!$E$54)*(1+Inputs!$E$55)^(AL$5-1) -> -40993.176
A17: Store staff — payroll cost | C17: =-C10*Inputs!$E$47/12*1*(1+Inputs!$E$54)*(1+Inputs!$E$55)^(C$5-1) -> -29133.333 | D17: =-D10*Inputs!$E$47/12*1*(1+Inputs!$E$54)*(1+Inputs!$E$55)^(D$5-1) -> -29133.333 | E17: =-E10*Inputs!$E$47/12*1*(1+Inputs!$E$54)*(1+Inputs!$E$55)^(E$5-1) -> -29133.333 | F17: =-F10*Inputs!$E$47/12*1*(1+Inputs!$E$54)*(1+Inputs!$E$55)^(F$5-1) -> -29133.333 | G17: =-G10*Inputs!$E$47/12*1*(1+Inputs!$E$54)*(1+Inputs!$E$55)^(G$5-1) -> -29133.333 | H17: =-H10*Inputs!$E$47/12*1*(1+Inputs!$E$54)*(1+Inputs!$E$55)^(H$5-1) -> -29133.333 | I17: =-I10*Inputs!$E$47/12*1*(1+Inputs!$E$54)*(1+Inputs!$E$55)^(I$5-1) -> -29133.333 | J17: =-J10*Inputs!$E$47/12*1*(1+Inputs!$E$54)*(1+Inputs!$E$55)^(J$5-1) -> -29133.333 | ... AL17: =-AL10*Inputs!$E$47/12*1*(1+Inputs!$E$54)*(1+Inputs!$E$55)^(AL$5-1) -> -52233.765
A18: G&A (finance, admin) — payroll cost | C18: =-C11*Inputs!$E$51/12*1*(1+Inputs!$E$54)*(1+Inputs!$E$55)^(C$5-1) -> -20125 | D18: =-D11*Inputs!$E$51/12*1*(1+Inputs!$E$54)*(1+Inputs!$E$55)^(D$5-1) -> -20125 | E18: =-E11*Inputs!$E$51/12*1*(1+Inputs!$E$54)*(1+Inputs!$E$55)^(E$5-1) -> -20125 | F18: =-F11*Inputs!$E$51/12*1*(1+Inputs!$E$54)*(1+Inputs!$E$55)^(F$5-1) -> -20125 | G18: =-G11*Inputs!$E$51/12*1*(1+Inputs!$E$54)*(1+Inputs!$E$55)^(G$5-1) -> -20125 | H18: =-H11*Inputs!$E$51/12*1*(1+Inputs!$E$54)*(1+Inputs!$E$55)^(H$5-1) -> -20125 | I18: =-I11*Inputs!$E$51/12*1*(1+Inputs!$E$54)*(1+Inputs!$E$55)^(I$5-1) -> -20125 | J18: =-J11*Inputs!$E$51/12*1*(1+Inputs!$E$54)*(1+Inputs!$E$55)^(J$5-1) -> -20125 | ... AL18: =-AL11*Inputs!$E$51/12*1*(1+Inputs!$E$54)*(1+Inputs!$E$55)^(AL$5-1) -> -28236.185
A19: Total payroll | C19: =C15+C16+C17+C18 -> -104841.67 | D19: =D15+D16+D17+D18 -> -104841.67 | E19: =E15+E16+E17+E18 -> -104841.67 | F19: =F15+F16+F17+F18 -> -104841.67 | G19: =G15+G16+G17+G18 -> -104841.67 | H19: =H15+H16+H17+H18 -> -104841.67 | I19: =I15+I16+I17+I18 -> -104841.67 | J19: =J15+J16+J17+J18 -> -104841.67 | ... AL19: =AL15+AL16+AL17+AL18 -> -165384.39

Sheet Checks
A1: Model checks
A2: Live formulas: they re-run every time an input changes.
A3: Check | B3: Result | C3: What it tests
A4: Annual revenue ties to period detail | B4: =IF(ABS(SUM('P&L'!$B$5:$D$5)-SUM(Monthly!$C$25:$AL$25))<0.5,"PASS","FAIL") -> PASS | C4: Sum of annual revenue equals the sum of every period
A5: Annual net income ties to period detail | B5: =IF(ABS(SUM('P&L'!$B$25:$D$25)-SUM(Monthly!$C$48:$AL$48))<0.5,"PASS","FAIL") -> PASS | C5: Sum of annual net income equals the sum of every period
A6: EBITDA reconciliation | B6: =IF(ABS(SUM(Monthly!$C$39:$AL$39)-SUM(Monthly!$C$27:$AL$27)-SUM(Monthly!$C$38:$AL$38))<0.5,"PASS","FAIL") -> PASS | C6: EBITDA = gross profit + operating expenses (costs are negative)
A7: Cash roll-forward | B7: =IF(ABS(INDEX(Monthly!$C$78:$AL$78,36)-SUM(Monthly!$C$76:$AL$76))<0.5,"PASS","FAIL") -> PASS | C7: Closing cash = all net cash flows since the start (opening cash is zero)
A8: Scenario selector valid | B8: =IF(AND(ISNUMBER(Dashboard!B4),Dashboard!B4>=1,Dashboard!B4<=3,INT(Dashboard!B4)=Dashboard!B4),"PASS","FAIL") -> PASS | C8: Dashboard!B4 is 1, 2 or 3
A9: Scenario ordering of drivers | B9: =IF(AND(Inputs!$B$7<=Inputs!$C$7,Inputs!$C$7<=Inputs!$D$7,Inputs!$B$8<=Inputs!$C$8,Inputs!$C$8<=Inputs!$D$8,Inputs!$B$9<=Inputs!$C$9,Inputs!$C$9<=Inputs!$D$9,Inputs!$B$10<=Inputs!$C$10,Inputs!$C$10<=Inputs!$D$10,Inputs!$B$11<=Inputs!$C$11,Inputs!$C$11<=Inputs!$D$11,Inputs!$B$12<=Inputs!$C$12,Inputs!$C$12<=Inputs!$D$12,Inputs!$B$15>=Inputs!$C$15,Inputs!$C$15>=Inputs!$D$15,Inputs!$B$18<=Inputs!$C$18,Inputs!$C$18<=Inputs!$D$18,Inputs!$B$19<=Inputs!$C$19,Inputs!$C$19<=Inputs!$D$19,Inputs!$B$21<=Inputs!$C$21,Inputs!$C$21<=Inputs!$D$21,Inputs!$B$22<=Inputs!$C$22,Inputs!$C$22<=Inputs!$D$22,Inputs!$B$29>=Inputs!$C$29,Inputs!$C$29>=Inputs!$D$29,Inputs!$B$30>=Inputs!$C$30,Inputs!$C$30>=Inputs!$D$30,Inputs!$B$31>=Inputs!$C$31,Inputs!$C$31>=Inputs!$D$31,Inputs!$B$38<=Inputs!$C$38,Inputs!$C$38<=Inputs!$D$38,Inputs!$B$40<=Inputs!$C$40,Inputs!$C$40<=Inputs!$D$40,Inputs!$B$42<=Inputs!$C$42,Inputs!$C$42<=Inputs!$D$42,Inputs!$B$44<=Inputs!$C$44,Inputs!$C$44<=Inputs!$D$44,Inputs!$B$46<=Inputs!$C$46,Inputs!$C$46<=Inputs!$D$46,Inputs!$B$48<=Inputs!$C$48,Inputs!$C$48<=Inputs!$D$48,Inputs!$B$50<=Inputs!$C$50,Inputs!$C$50<=Inputs!$D$50,Inputs!$B$52<=Inputs!$C$52,Inputs!$C$52<=Inputs!$D$52),"PASS","FAIL") -> PASS | C9: Low / Base / High ordered the right way for every growth and cost driver
A10: Gross margin within 0–100% | B10: =IF(AND(MIN('P&L'!$B$8:$D$8)>=0,MAX('P&L'!$B$8:$D$8)<=1),"PASS","FAIL") -> PASS | C10: Gross margin never negative or above 100%
A11: Loan balance never negative | B11: =IF(MIN(Monthly!$C$61:$AL$61)>=-0.5,"PASS","FAIL") -> PASS | C11: Repayments never exceed the loan
A12: No error values | B12: =IF(SUMPRODUCT(--ISERROR(Monthly!$C$4:$AL$88))+SUMPRODUCT(--ISERROR(Headcount!$C$4:$AL$19))+SUMPRODUCT(--ISERROR('P&L'!$B$3:$D$26))+SUMPRODUCT(--ISERROR('Cash Flow'!$B$3:$D$18))+SUMPRODUCT(--ISERROR('Balance Sheet'!$B$3:$D$17))+SUMPRODUCT(--ISERROR(Dashboard!$B$25:$D$42))=0,"PASS","FAIL") -> PASS | C12: No error values (divide-by-zero, broken references) on any calculation sheet
A13: Balance sheet balances every period | B13: =IF(SUMPRODUCT(--(ABS(Monthly!$C$88:$AL$88)>0.5))=0,"PASS","FAIL") -> PASS | C13: Assets = liabilities + equity in every period
A14: Funding sufficient (cash ≥ 0) | B14: =IF(MIN(Monthly!$C$78:$AL$78)>=0,"PASS","WARN") -> PASS | C14: Business warning, not an error: cash dips below zero in this scenario
A16: Overall verdict | B16: =IF(COUNTIF(B4:B14,"FAIL")>0,"FAIL",IF(COUNTIF(B4:B14,"WARN")>0,"PASS WITH WARNINGS","PASS")) -> PASS
